Workbook

Sheet Méthodo
B4: Nom des feuilles | C4: Sources | D4: Mise à jour | E4: Commentaires | F4: Code couleur | G4: Date
B5: Relances Hors Groupe | D5: auto | E5: Calcul tx d'intérêt légal: somme due*nb de jours de retard*tx î légal / 36500
B6: Mettre en place prélèvement | C6: Relances.xlsx | D6: auto | E6: Recense les clients où mise en place prélèvement
B7: Relances Groupe | D7: auto
B8: Avoirs | C8: Relances.xlsx | D8: auto | E8: Avoirs que Patricia doit déduire avant relance
B9: Factures réglées | C9: Relances.xlsx | D9: auto | E9: Recense toutes les factures payées après relance

Sheet Relances HG
A1: Date du jour | B1: =TODAY() -> 42817 | J1: Taux d'intérêt légal | L1: 0.009
J2: Majoration | K2: -40
A6: Code client | B6: Libellé | C6: Client bloqué | D6: Téléphone | E6: Mail | F6: Prélèvement | G6: Actions effectuées | H6: Retour | I6: Actions en attente | J6: Motif non-paiement | K6: Numéro facture | L6: Nb factures | M6: Date facture | N6: Délai paiement | O6: Nb de jours de retard | P6: Frais de recouvrement | Q6: Majoration | R6: Solde client avant relance | S6: Etat | T6: Nouveau solde | U6: Nouvel état | V6: Nouveau solde2 | W6: Nouvel état 2 | X6: Nouveau montant
A7: TIE113275 | C7: oui | G7: envoi avis de paiement, bien reçu | I7: Patricia??? | J7: réglé | K7: 150306614 | L7: 1 | M7: 42064 | O7: =$B$1-Tableau2[[#This Row],[Date facture]] -> 753 | P7: =IFERROR((Tableau2[[#This Row],[Solde client avant relance]]*Tableau2[[#This Row],[Nb de jours de retard]]*$L$1)/36500,"") -> -0.008364489 | Q7: =$K$2*Tableau2[[#This Row],[Nb factures]] -> -40 | R7: -45.05 | S7: Réglé | T7: -45.05 | U7: En cours | V7: =VLOOKUP(Tableau2[[#This Row],[Code client]],extraction!A1:I374,9,0) -> -45.05 | W7: Avis de paiement | X7: =IFERROR(Tableau2[[#This Row],[Solde client avant relance]]+Tableau2[[#This Row],[Frais de recouvrement]]+Tableau2[[#This Row],[Majoration]],"") -> -85.058364
A8: TIE313725 | C8: débloqué | G8: avis de paiement reçu | I8: à vérifier par patricia | J8: déjà réglé | O8: =$B$1-Tableau2[[#This Row],[Date facture]] -> 42817 | P8: =IFERROR((Tableau2[[#This Row],[Solde client avant relance]]*Tableau2[[#This Row],[Nb de jours de retard]]*$L$1)/36500,"") -> -0.82412754 | Q8: =$K$2*Tableau2[[#This Row],[Nb factures]] -> 0 | R8: -78.06 | S8: Réglé | T8: -336.79 | U8: En cours | V8: =VLOOKUP(Tableau2[[#This Row],[Code client]],extraction!A97:I470,9,0) -> -78.06 | W8: Avis de paiement | X8: =IFERROR(Tableau2[[#This Row],[Solde client avant relance]]+Tableau2[[#This Row],[Frais de recouvrement]]+Tableau2[[#This Row],[Majoration]],"") -> -78.884128
A9: TIE355683 | C9: débloqué | G9: envoi avis paiement, bien reçu | I9: à vérifier | J9: réglé | O9: =$B$1-Tableau2[[#This Row],[Date facture]] -> 42817 | P9: =IFERROR((Tableau2[[#This Row],[Solde client avant relance]]*Tableau2[[#This Row],[Nb de jours de retard]]*$L$1)/36500,"") -> -0.3538913 | Q9: =$K$2*Tableau2[[#This Row],[Nb factures]] -> 0 | R9: -33.52 | S9: Réglé | T9: -33.52 | U9: Réglé | V9: =VLOOKUP(Tableau2[[#This Row],[Code client]],extraction!A98:I471,9,0) -> -33.52 | W9: Avis de paiement | X9: =IFERROR(Tableau2[[#This Row],[Solde client avant relance]]+Tableau2[[#This Row],[Frais de recouvrement]]+Tableau2[[#This Row],[Majoration]],"") -> -33.873891
A10: TIE356465 | C10: débloqué | G10: avis de paiement envoyé | O10: =$B$1-Tableau2[[#This Row],[Date facture]] -> 42817 | P10: =IFERROR((Tableau2[[#This Row],[Solde client avant relance]]*Tableau2[[#This Row],[Nb de jours de retard]]*$L$1)/36500,"") -> -0.84080857 | Q10: =$K$2*Tableau2[[#This Row],[Nb factures]] -> 0 | R10: -79.64 | S10: Réglé | T10: -79.64 | U10: Réglé | V10: =VLOOKUP(Tableau2[[#This Row],[Code client]],extraction!A99:I472,9,0) -> -79.64 | W10: Avis de paiement | X10: =IFERROR(Tableau2[[#This Row],[Solde client avant relance]]+Tableau2[[#This Row],[Frais de recouvrement]]+Tableau2[[#This Row],[Majoration]],"") -> -80.480809
A11: TIE112823 | C11: oui | O11: =$B$1-Tableau2[[#This Row],[Date facture]] -> 42817 | P11: =IFERROR((Tableau2[[#This Row],[Solde client avant relance]]*Tableau2[[#This Row],[Nb de jours de retard]]*$L$1)/36500,"") -> -0.23205641 | Q11: =$K$2*Tableau2[[#This Row],[Nb factures]] -> 0 | R11: -21.98 | X11: =IFERROR(Tableau2[[#This Row],[Solde client avant relance]]+Tableau2[[#This Row],[Frais de recouvrement]]+Tableau2[[#This Row],[Majoration]],"") -> -22.212056
A12: TIE160518 | C12: oui | O12: =$B$1-Tableau2[[#This Row],[Date facture]] -> 42817 | P12: =IFERROR((Tableau2[[#This Row],[Solde client avant relance]]*Tableau2[[#This Row],[Nb de jours de retard]]*$L$1)/36500,"") -> -0.35927569 | Q12: =$K$2*Tableau2[[#This Row],[Nb factures]] -> 0 | R12: -34.03 | X12: =IFERROR(Tableau2[[#This Row],[Solde client avant relance]]+Tableau2[[#This Row],[Frais de recouvrement]]+Tableau2[[#This Row],[Majoration]],"") -> -34.389276
A13: TIE200276 | C13: oui | O13: =$B$1-Tableau2[[#This Row],[Date facture]] -> 42817 | P13: =IFERROR((Tableau2[[#This Row],[Solde client avant relance]]*Tableau2[[#This Row],[Nb de jours de retard]]*$L$1)/36500,"") -> -0.59555514 | Q13: =$K$2*Tableau2[[#This Row],[Nb factures]] -> 0 | R13: -56.41 | X13: =IFERROR(Tableau2[[#This Row],[Solde client avant relance]]+Tableau2[[#This Row],[Frais de recouvrement]]+Tableau2[[#This Row],[Majoration]],"") -> -57.005555
A14: TIE2041 | I14: voir avec patrcia | O14: =$B$1-Tableau2[[#This Row],[Date facture]] -> 42817 | P14: =IFERROR((Tableau2[[#This Row],[Solde client avant relance]]*Tableau2[[#This Row],[Nb de jours de retard]]*$L$1)/36500,"") -> -44.699998 | Q14: =$K$2*Tableau2[[#This Row],[Nb factures]] -> 0 | R14: -4233.91 | S14: En cours | X14: =IFERROR(Tableau2[[#This Row],[Solde client avant relance]]+Tableau2[[#This Row],[Frais de recouvrement]]+Tableau2[[#This Row],[Majoration]],"") -> -4278.61
A15: TIE245591 | C15: oui | O15: =$B$1-Tableau2[[#This Row],[Date facture]] -> 42817 | P15: =IFERROR((Tableau2[[#This Row],[Solde client avant relance]]*Tableau2[[#This Row],[Nb de jours de retard]]*$L$1)/36500,"") -> -0.35927569 | Q15: =$K$2*Tableau2[[#This Row],[Nb factures]] -> 0 | R15: -34.03 | X15: =IFERROR(Tableau2[[#This Row],[Solde client avant relance]]+Tableau2[[#This Row],[Frais de recouvrement]]+Tableau2[[#This Row],[Majoration]],"") -> -34.389276
A16: TIE253708 | C16: oui | G16: le 17/03/17, mail indiquant que Crédit Mutuel qui paye la facture | H16: le 20/03/17, mail du SAV | I16: en attente de savoir qui paye | O16: =$B$1-Tableau2[[#This Row],[Date facture]] -> 42817 | P16: =IFERROR((Tableau2[[#This Row],[Solde client avant relance]]*Tableau2[[#This Row],[Nb de jours de retard]]*$L$1)/36500,"") -> -9.8148881 | Q16: =$K$2*Tableau2[[#This Row],[Nb factures]] -> 0 | R16: -929.65 | S16: En attente de paiement | X16: =IFERROR(Tableau2[[#This Row],[Solde client avant relance]]+Tableau2[[#This Row],[Frais de recouvrement]]+Tableau2[[#This Row],[Majoration]],"") -> -939.46489
A17: TIE256937 | C17: oui | O17: =$B$1-Tableau2[[#This Row],[Date facture]] -> 42817 | P17: =IFERROR((Tableau2[[#This Row],[Solde client avant relance]]*Tableau2[[#This Row],[Nb de jours de retard]]*$L$1)/36500,"") -> -0.35294112 | Q17: =$K$2*Tableau2[[#This Row],[Nb factures]] -> 0 | R17: -33.43 | X17: =IFERROR(Tableau2[[#This Row],[Solde client avant relance]]+Tableau2[[#This Row],[Frais de recouvrement]]+Tableau2[[#This Row],[Majoration]],"") -> -33.782941
A18: TIE270392 | C18: oui | O18: =$B$1-Tableau2[[#This Row],[Date facture]] -> 42817 | P18: =IFERROR((Tableau2[[#This Row],[Solde client avant relance]]*Tableau2[[#This Row],[Nb de jours de retard]]*$L$1)/36500,"") -> -1.04721 | Q18: =$K$2*Tableau2[[#This Row],[Nb factures]] -> 0 | R18: -99.19 | X18: =IFERROR(Tableau2[[#This Row],[Solde client avant relance]]+Tableau2[[#This Row],[Frais de recouvrement]]+Tableau2[[#This Row],[Majoration]],"") -> -100.23721
A19: TIE289510 | C19: oui | O19: =$B$1-Tableau2[[#This Row],[Date facture]] -> 42817 | P19: =IFERROR((Tableau2[[#This Row],[Solde client avant relance]]*Tableau2[[#This Row],[Nb de jours de retard]]*$L$1)/36500,"") -> -0.33224819 | Q19: =$K$2*Tableau2[[#This Row],[Nb factures]] -> 0 | R19: -31.47 | X19: =IFERROR(Tableau2[[#This Row],[Solde client avant relance]]+Tableau2[[#This Row],[Frais de recouvrement]]+Tableau2[[#This Row],[Majoration]],"") -> -31.802248
A20: TIE311332 | C20: oui | O20: =$B$1-Tableau2[[#This Row],[Date facture]] -> 42817 | P20: =IFERROR((Tableau2[[#This Row],[Solde client avant relance]]*Tableau2[[#This Row],[Nb de jours de retard]]*$L$1)/36500,"") -> -0.35294112 | Q20: =$K$2*Tableau2[[#This Row],[Nb factures]] -> 0 | R20: -33.43 | X20: =IFERROR(Tableau2[[#This Row],[Solde client avant relance]]+Tableau2[[#This Row],[Frais de recouvrement]]+Tableau2[[#This Row],[Majoration]],"") -> -33.782941
A21: TIE315467 | C21: oui | O21: =$B$1-Tableau2[[#This Row],[Date facture]] -> 42817 | P21: =IFERROR((Tableau2[[#This Row],[Solde client avant relance]]*Tableau2[[#This Row],[Nb de jours de retard]]*$L$1)/36500,"") -> -1.7866654 | Q21: =$K$2*Tableau2[[#This Row],[Nb factures]] -> 0 | R21: -169.23 | X21: =IFERROR(Tableau2[[#This Row],[Solde client avant relance]]+Tableau2[[#This Row],[Frais de recouvrement]]+Tableau2[[#This Row],[Majoration]],"") -> -171.01667
A22: TIE317260 | C22: oui | O22: =$B$1-Tableau2[[#This Row],[Date facture]] -> 42817 | P22: =IFERROR((Tableau2[[#This Row],[Solde client avant relance]]*Tableau2[[#This Row],[Nb de jours de retard]]*$L$1)/36500,"") -> -0.35294112 | Q22: =$K$2*Tableau2[[#This Row],[Nb factures]] -> 0 | R22: -33.43 | X22: =IFERROR(Tableau2[[#This Row],[Solde client avant relance]]+Tableau2[[#This Row],[Frais de recouvrement]]+Tableau2[[#This Row],[Majoration]],"") -> -33.782941
A23: TIE317556 | C23: oui | O23: =$B$1-Tableau2[[#This Row],[Date facture]] -> 42817 | P23: =IFERROR((Tableau2[[#This Row],[Solde client avant relance]]*Tableau2[[#This Row],[Nb de jours de retard]]*$L$1)/36500,"") -> -0.46611877 | Q23: =$K$2*Tableau2[[#This Row],[Nb factures]] -> 0 | R23: -44.15 | X23: =IFERROR(Tableau2[[#This Row],[Solde client avant relance]]+Tableau2[[#This Row],[Frais de recouvrement]]+Tableau2[[#This Row],[Majoration]],"") -> -44.616119
A24: TIE329059 | C24: oui | O24: =$B$1-Tableau2[[#This Row],[Date facture]] -> 42817 | P24: =IFERROR((Tableau2[[#This Row],[Solde client avant relance]]*Tableau2[[#This Row],[Nb de jours de retard]]*$L$1)/36500,"") -> -0.35294112 | Q24: =$K$2*Tableau2[[#This Row],[Nb factures]] -> 0 | R24: -33.43 | X24: =IFERROR(Tableau2[[#This Row],[Solde client avant relance]]+Tableau2[[#This Row],[Frais de recouvrement]]+Tableau2[[#This Row],[Majoration]],"") -> -33.782941
A25: TIE347067 | C25: oui | O25: =$B$1-Tableau2[[#This Row],[Date facture]] -> 42817 | P25: =IFERROR((Tableau2[[#This Row],[Solde client avant relance]]*Tableau2[[#This Row],[Nb de jours de retard]]*$L$1)/36500,"") -> -0.35294112 | Q25: =$K$2*Tableau2[[#This Row],[Nb factures]] -> 0 | R25: -33.43 | X25: =IFERROR(Tableau2[[#This Row],[Solde client avant relance]]+Tableau2[[#This Row],[Frais de recouvrement]]+Tableau2[[#This Row],[Majoration]],"") -> -33.782941
A26: TIE347138 | C26: oui | O26: =$B$1-Tableau2[[#This Row],[Date facture]] -> 42817 | P26: =IFERROR((Tableau2[[#This Row],[Solde client avant relance]]*Tableau2[[#This Row],[Nb de jours de retard]]*$L$1)/36500,"") -> -0.35294112 | Q26: =$K$2*Tableau2[[#This Row],[Nb factures]] -> 0 | R26: -33.43 | X26: =IFERROR(Tableau2[[#This Row],[Solde client avant relance]]+Tableau2[[#This Row],[Frais de recouvrement]]+Tableau2[[#This Row],[Majoration]],"") -> -33.782941
A27: TIE351040 | C27: oui | O27: =$B$1-Tableau2[[#This Row],[Date facture]] -> 42817 | P27: =IFERROR((Tableau2[[#This Row],[Solde client avant relance]]*Tableau2[[#This Row],[Nb de jours de retard]]*$L$1)/36500,"") -> -0.35294112 | Q27: =$K$2*Tableau2[[#This Row],[Nb factures]] -> 0 | R27: -33.43 | X27: =IFERROR(Tableau2[[#This Row],[Solde client avant relance]]+Tableau2[[#This Row],[Frais de recouvrement]]+Tableau2[[#This Row],[Majoration]],"") -> -33.782941
A28: TIE356754 | C28: oui | O28: =$B$1-Tableau2[[#This Row],[Date facture]] -> 42817 | P28: =IFERROR((Tableau2[[#This Row],[Solde client avant relance]]*Tableau2[[#This Row],[Nb de jours de retard]]*$L$1)/36500,"") -> -0.35294112 | Q28: =$K$2*Tableau2[[#This Row],[Nb factures]] -> 0 | R28: -33.43 | X28: =IFERROR(Tableau2[[#This Row],[Solde client avant relance]]+Tableau2[[#This Row],[Frais de recouvrement]]+Tableau2[[#This Row],[Majoration]],"") -> -33.782941
A29: TIE360513 | C29: oui | O29: =$B$1-Tableau2[[#This Row],[Date facture]] -> 42817 | P29: =IFERROR((Tableau2[[#This Row],[Solde client avant relance]]*Tableau2[[#This Row],[Nb de jours de retard]]*$L$1)/36500,"") -> -0.35294112 | Q29: =$K$2*Tableau2[[#This Row],[Nb factures]] -> 0 | R29: -33.43 | X29: =IFERROR(Tableau2[[#This Row],[Solde client avant relance]]+Tableau2[[#This Row],[Frais de recouvrement]]+Tableau2[[#This Row],[Majoration]],"") -> -33.782941
A30: TIE361294 | C30: oui | G30: envoi mail le 21/03/17 | O30: =$B$1-Tableau2[[#This Row],[Date facture]] -> 42817 | P30: =IFERROR((Tableau2[[#This Row],[Solde client avant relance]]*Tableau2[[#This Row],[Nb de jours de retard]]*$L$1)/36500,"") -> -0.30595972 | Q30: =$K$2*Tableau2[[#This Row],[Nb factures]] -> 0 | R30: -28.98 | S30: En attente de paiement | X30: =IFERROR(Tableau2[[#This Row],[Solde client avant relance]]+Tableau2[[#This Row],[Frais de recouvrement]]+Tableau2[[#This Row],[Majoration]],"") -> -29.28596
A31: TIE362766 | C31: oui | G31: envoi mail le 21/03/17 | O31: =$B$1-Tableau2[[#This Row],[Date facture]] -> 42817 | P31: =IFERROR((Tableau2[[#This Row],[Solde client avant relance]]*Tableau2[[#This Row],[Nb de jours de retard]]*$L$1)/36500,"") -> -0.20714043 | Q31: =$K$2*Tableau2[[#This Row],[Nb factures]] -> 0 | R31: -19.62 | S31: En attente de paiement | X31: =IFERROR(Tableau2[[#This Row],[Solde client avant relance]]+Tableau2[[#This Row],[Frais de recouvrement]]+Tableau2[[#This Row],[Majoration]],"") -> -19.82714
A32: TIE367821 | C32: oui | O32: =$B$1-Tableau2[[#This Row],[Date facture]] -> 42817 | P32: =IFERROR((Tableau2[[#This Row],[Solde client avant relance]]*Tableau2[[#This Row],[Nb de jours de retard]]*$L$1)/36500,"") -> -0.63609639 | Q32: =$K$2*Tableau2[[#This Row],[Nb factures]] -> 0 | R32: -60.25 | X32: =IFERROR(Tableau2[[#This Row],[Solde client avant relance]]+Tableau2[[#This Row],[Frais de recouvrement]]+Tableau2[[#This Row],[Majoration]],"") -> -60.886096
A33: TIE369675 | C33: oui | O33: =$B$1-Tableau2[[#This Row],[Date facture]] -> 42817 | P33: =IFERROR((Tableau2[[#This Row],[Solde client avant relance]]*Tableau2[[#This Row],[Nb de jours de retard]]*$L$1)/36500,"") -> -0.59555514 | Q33: =$K$2*Tableau2[[#This Row],[Nb factures]] -> 0 | R33: -56.41 | X33: =IFERROR(Tableau2[[#This Row],[Solde client avant relance]]+Tableau2[[#This Row],[Frais de recouvrement]]+Tableau2[[#This Row],[Majoration]],"") -> -57.005555
A34: TIE369682 | C34: oui | O34: =$B$1-Tableau2[[#This Row],[Date facture]] -> 42817 | P34: =IFERROR((Tableau2[[#This Row],[Solde client avant relance]]*Tableau2[[#This Row],[Nb de jours de retard]]*$L$1)/36500,"") -> -0.11201631 | Q34: =$K$2*Tableau2[[#This Row],[Nb factures]] -> 0 | R34: -10.61 | X34: =IFERROR(Tableau2[[#This Row],[Solde client avant relance]]+Tableau2[[#This Row],[Frais de recouvrement]]+Tableau2[[#This Row],[Majoration]],"") -> -10.722016
A35: TIE369759 | C35: oui | O35: =$B$1-Tableau2[[#This Row],[Date facture]] -> 42817 | P35: =IFERROR((Tableau2[[#This Row],[Solde client avant relance]]*Tableau2[[#This Row],[Nb de jours de retard]]*$L$1)/36500,"") -> -0.35294112 | Q35: =$K$2*Tableau2[[#This Row],[Nb factures]] -> 0 | R35: -33.43 | X35: =IFERROR(Tableau2[[#This Row],[Solde client avant relance]]+Tableau2[[#This Row],[Frais de recouvrement]]+Tableau2[[#This Row],[Majoration]],"") -> -33.782941
A36: TIE369968 | C36: oui | O36: =$B$1-Tableau2[[#This Row],[Date facture]] -> 42817 | P36: =IFERROR((Tableau2[[#This Row],[Solde client avant relance]]*Tableau2[[#This Row],[Nb de jours de retard]]*$L$1)/36500,"") -> -0.35294112 | Q36: =$K$2*Tableau2[[#This Row],[Nb factures]] -> 0 | R36: -33.43 | X36: =IFERROR(Tableau2[[#This Row],[Solde client avant relance]]+Tableau2[[#This Row],[Frais de recouvrement]]+Tableau2[[#This Row],[Majoration]],"") -> -33.782941
A37: TIE369973 | C37: oui | O37: =$B$1-Tableau2[[#This Row],[Date facture]] -> 42817 | P37: =IFERROR((Tableau2[[#This Row],[Solde client avant relance]]*Tableau2[[#This Row],[Nb de jours de retard]]*$L$1)/36500,"") -> -0.35294112 | Q37: =$K$2*Tableau2[[#This Row],[Nb factures]] -> 0 | R37: -33.43 | X37: =IFERROR(Tableau2[[#This Row],[Solde client avant relance]]+Tableau2[[#This Row],[Frais de recouvrement]]+Tableau2[[#This Row],[Majoration]],"") -> -33.782941
A38: TIE370000 | C38: oui | O38: =$B$1-Tableau2[[#This Row],[Date facture]] -> 42817 | P38: =IFERROR((Tableau2[[#This Row],[Solde client avant relance]]*Tableau2[[#This Row],[Nb de jours de retard]]*$L$1)/36500,"") -> -0.35294112 | Q38: =$K$2*Tableau2[[#This Row],[Nb factures]] -> 0 | R38: -33.43 | X38: =IFERROR(Tableau2[[#This Row],[Solde client avant relance]]+Tableau2[[#This Row],[Frais de recouvrement]]+Tableau2[[#This Row],[Majoration]],"") -> -33.782941
A39: TIE370105 | C39: oui | O39: =$B$1-Tableau2[[#This Row],[Date facture]] -> 42817 | P39: =IFERROR((Tableau2[[#This Row],[Solde client avant relance]]*Tableau2[[#This Row],[Nb de jours de retard]]*$L$1)/36500,"") -> -0.47593735 | Q39: =$K$2*Tableau2[[#This Row],[Nb factures]] -> 0 | R39: -45.08 | X39: =IFERROR(Tableau2[[#This Row],[Solde client avant relance]]+Tableau2[[#This Row],[Frais de recouvrement]]+Tableau2[[#This Row],[Majoration]],"") -> -45.555937
A40: TIE370199 | C40: oui | O40: =$B$1-Tableau2[[#This Row],[Date facture]] -> 42817 | P40: =IFERROR((Tableau2[[#This Row],[Solde client avant relance]]*Tableau2[[#This Row],[Nb de jours de retard]]*$L$1)/36500,"") -> -1.8086253 | Q40: =$K$2*Tableau2[[#This Row],[Nb factures]] -> 0 | R40: -171.31 | X40: =IFERROR(Tableau2[[#This Row],[Solde client avant relance]]+Tableau2[[#This Row],[Frais de recouvrement]]+Tableau2[[#This Row],[Majoration]],"") -> -173.11863
A41: TIE283248 | C41: oui | G41: envoyée par mail le 19, renvoi mail le 21/03/17 | H41: le 21/03/17 chèque envoyé le 20/02/17 | I41: à vérifier | O41: =$B$1-Tableau2[[#This Row],[Date facture]] -> 42817 | P41: =IFERROR((Tableau2[[#This Row],[Solde client avant relance]]*Tableau2[[#This Row],[Nb de jours de retard]]*$L$1)/36500,"") -> -0.47593735 | Q41: =$K$2*Tableau2[[#This Row],[Nb factures]] -> 0 | R41: -45.08 | S41: En attente de paiement | T41: -45.08 | U41: En cours | V41: =VLOOKUP(Tableau2[[#This Row],[Code client]],extraction!A26:I399,9,0) -> -45.08 | W41: Avis de paiement | X41: =IFERROR(Tableau2[[#This Row],[Solde client avant relance]]+Tableau2[[#This Row],[Frais de recouvrement]]+Tableau2[[#This Row],[Majoration]],"") -> -45.555937
A42: TIE360977 | C42: débloqué | J42: double facture | O42: =$B$1-Tableau2[[#This Row],[Date facture]] -> 42817 | P42: =IFERROR((Tableau2[[#This Row],[Solde client avant relance]]*Tableau2[[#This Row],[Nb de jours de retard]]*$L$1)/36500,"") -> -0.52513584 | Q42: =$K$2*Tableau2[[#This Row],[Nb factures]] -> 0 | R42: -49.74 | S42: Réglé | T42: -49.74 | U42: En cours | V42: =VLOOKUP(Tableau2[[#This Row],[Code client]],extraction!A100:I473,9,0) -> -49.74 | W42: Avis de paiement | X42: =IFERROR(Tableau2[[#This Row],[Solde client avant relance]]+Tableau2[[#This Row],[Frais de recouvrement]]+Tableau2[[#This Row],[Majoration]],"") -> -50.265136
A43: TIE362421 | C43: oui | G43: suite appel tel | I43: en attente de paiement, mail chez Patricia pour fiche fournisseurs | J43: était en litige | O43: =$B$1-Tableau2[[#This Row],[Date facture]] -> 42817 | P43: =IFERROR((Tableau2[[#This Row],[Solde client avant relance]]*Tableau2[[#This Row],[Nb de jours de retard]]*$L$1)/36500,"") -> -0.83500188 | Q43: =$K$2*Tableau2[[#This Row],[Nb factures]] -> 0 | R43: -79.09 | S43: En attente de paiement | T43: -79.09 | U43: En attente de paiement | V43: =VLOOKUP(Tableau2[[#This Row],[Code client]],extraction!A225:I598,9,0) -> -79.09 | W43: En attente de paiement | X43: =IFERROR(Tableau2[[#This Row],[Solde client avant relance]]+Tableau2[[#This Row],[Frais de recouvrement]]+Tableau2[[#This Row],[Majoration]],"") -> -79.925002
A44: TIE103106 | C44: oui | G44: envoyées par mail le 19, le 21/03/17 renvoi mail | O44: =$B$1-Tableau2[[#This Row],[Date facture]] -> 42817 | P44: =IFERROR((Tableau2[[#This Row],[Solde client avant relance]]*Tableau2[[#This Row],[Nb de jours de retard]]*$L$1)/36500,"") -> -7.6663076 | Q44: =$K$2*Tableau2[[#This Row],[Nb factures]] -> 0 | R44: -726.14 | S44: En attente de paiement | T44: -726.14 | U44: En cours | V44: =VLOOKUP(Tableau2[[#This Row],[Code client]],extraction!A12:I385,9,0) -> -726.14 | W44: En cours | X44: =IFERROR(Tableau2[[#This Row],[Solde client avant relance]]+Tableau2[[#This Row],[Frais de recouvrement]]+Tableau2[[#This Row],[Majoration]],"") -> -733.80631
A45: TIE105814 | C45: oui | G45: envoyées par mail le 19, le 21/03/17 renvoi mail | O45: =$B$1-Tableau2[[#This Row],[Date facture]] -> 42817 | P45: =IFERROR((Tableau2[[#This Row],[Solde client avant relance]]*Tableau2[[#This Row],[Nb de jours de retard]]*$L$1)/36500,"") -> -0.7122168 | Q45: =$K$2*Tableau2[[#This Row],[Nb factures]] -> 0 | R45: -67.46 | S45: En attente de paiement | T45: -67.46 | U45: En cours | V45: =VLOOKUP(Tableau2[[#This Row],[Code client]],extraction!A13:I386,9,0) -> -67.46 | W45: En cours | X45: =IFERROR(Tableau2[[#This Row],[Solde client avant relance]]+Tableau2[[#This Row],[Frais de recouvrement]]+Tableau2[[#This Row],[Majoration]],"") -> -68.172217
A46: TIE105815 | C46: oui | G46: envoyées par mail le 19, le 21/03/17 renvoi mail | O46: =$B$1-Tableau2[[#This Row],[Date facture]] -> 42817 | P46: =IFERROR((Tableau2[[#This Row],[Solde client avant relance]]*Tableau2[[#This Row],[Nb de jours de retard]]*$L$1)/36500,"") -> -1.7616439 | Q46: =$K$2*Tableau2[[#This Row],[Nb factures]] -> 0 | R46: -166.86 | S46: En attente de paiement | T46: -166.86 | U46: En cours | V46: =VLOOKUP(Tableau2[[#This Row],[Code client]],extraction!A14:I387,9,0) -> -166.86 | W46: En cours | X46: =IFERROR(Tableau2[[#This Row],[Solde client avant relance]]+Tableau2[[#This Row],[Frais de recouvrement]]+Tableau2[[#This Row],[Majoration]],"") -> -168.62164
A47: TIE105820 | C47: oui | G47: envoyées par mail le 19, le 21/03/17 renvoi mail | O47: =$B$1-Tableau2[[#This Row],[Date facture]] -> 42817 | P47: =IFERROR((Tableau2[[#This Row],[Solde client avant relance]]*Tableau2[[#This Row],[Nb de jours de retard]]*$L$1)/36500,"") -> -2.4349031 | Q47: =$K$2*Tableau2[[#This Row],[Nb factures]] -> 0 | R47: -230.63 | S47: En attente de paiement | T47: -230.63 | U47: En cours | V47: =VLOOKUP(Tableau2[[#This Row],[Code client]],extraction!A15:I388,9,0) -> -230.63 | W47: En cours | X47: =IFERROR(Tableau2[[#This Row],[Solde client avant relance]]+Tableau2[[#This Row],[Frais de recouvrement]]+Tableau2[[#This Row],[Majoration]],"") -> -233.0649
A48: TIE105821 | C48: oui | G48: envoyées par mail le 19, le 21/03/17 renvoi mail | O48: =$B$1-Tableau2[[#This Row],[Date facture]] -> 42817 | P48: =IFERROR((Tableau2[[#This Row],[Solde client avant relance]]*Tableau2[[#This Row],[Nb de jours de retard]]*$L$1)/36500,"") -> -0.74072237 | Q48: =$K$2*Tableau2[[#This Row],[Nb factures]] -> 0 | R48: -70.16 | S48: En attente de paiement | T48: -70.16 | U48: En cours | V48: =VLOOKUP(Tableau2[[#This Row],[Code client]],extraction!A16:I389,9,0) -> -70.16 | W48: En cours | X48: =IFERROR(Tableau2[[#This Row],[Solde client avant relance]]+Tableau2[[#This Row],[Frais de recouvrement]]+Tableau2[[#This Row],[Majoration]],"") -> -70.900722
A49: TIE330123 | C49: oui | G49: agence qui est censée payer les LC, mauvaise facturation | I49: attente retour Audrey | O49: =$B$1-Tableau2[[#This Row],[Date facture]] -> 42817 | P49: =IFERROR((Tableau2[[#This Row],[Solde client avant relance]]*Tableau2[[#This Row],[Nb de jours de retard]]*$L$1)/36500,"") -> -3.2804626 | Q49: =$K$2*Tableau2[[#This Row],[Nb factures]] -> 0 | R49: -310.72 | S49: En cours | T49: -310.72 | U49: En cours | V49: =VLOOKUP(Tableau2[[#This Row],[Code client]],extraction!A128:I501,9,0) -> -310.72 | W49: En cours | X49: =IFERROR(Tableau2[[#This Row],[Solde client avant relance]]+Tableau2[[#This Row],[Frais de recouvrement]]+Tableau2[[#This Row],[Majoration]],"") -> -314.00046
A50: TIE358595 | C50: oui | G50: le 17/03/17, eu au téléphone pour confirmation 2 factures en attente de paiement | I50: envoie chèque | J50: pensait par prélèvement | K50: 150706956 160806206 | L50: 2 | O50: =$B$1-Tableau2[[#This Row],[Date facture]] -> 42817 | P50: =IFERROR((Tableau2[[#This Row],[Solde client avant relance]]*Tableau2[[#This Row],[Nb de jours de retard]]*$L$1)/36500,"") -> -1.2164486 | Q50: =$K$2*Tableau2[[#This Row],[Nb factures]] -> -80 | R50: -115.22 | S50: En attente de paiement | T50: -115.22 | U50: En attente de paiement | V50: =VLOOKUP(Tableau2[[#This Row],[Code client]],extraction!A139:I512,9,0) -> -115.22 | W50: En attente de paiement | X50: =IFERROR(Tableau2[[#This Row],[Solde client avant relance]]+Tableau2[[#This Row],[Frais de recouvrement]]+Tableau2[[#This Row],[Majoration]],"") -> -196.43645
A51: TIE105885 | C51: oui | G51: envoyée par mail le 19, renvoi mail le 21/03/17 | J51: oubli | O51: =$B$1-Tableau2[[#This Row],[Date facture]] -> 42817 | P51: =IFERROR((Tableau2[[#This Row],[Solde client avant relance]]*Tableau2[[#This Row],[Nb de jours de retard]]*$L$1)/36500,"") -> -0.35294112 | Q51: =$K$2*Tableau2[[#This Row],[Nb factures]] -> 0 | R51: -33.43 | S51: En attente de paiement | T51: -33.43 | U51: En cours | V51: =VLOOKUP(Tableau2[[#This Row],[Code client]],extraction!A17:I390,9,0) -> -33.43 | W51: En cours | X51: =IFERROR(Tableau2[[#This Row],[Solde client avant relance]]+Tableau2[[#This Row],[Frais de recouvrement]]+Tableau2[[#This Row],[Majoration]],"") -> -33.782941
A52: TIE111512 | C52: oui | G52: envoyée par mail le 17, renvoi mail le 21/03/17 | H52: le 21/03/17 appel téléphonique pour renvoi de la facture et nom nouvelle adresse pour envoi facture | J52: mauvaise adresse | O52: =$B$1-Tableau2[[#This Row],[Date facture]] -> 42817 | P52: =IFERROR((Tableau2[[#This Row],[Solde client avant relance]]*Tableau2[[#This Row],[Nb de jours de retard]]*$L$1)/36500,"") -> -0.35927569 | Q52: =$K$2*Tableau2[[#This Row],[Nb factures]] -> 0 | R52: -34.03 | S52: En attente de paiement | T52: -34.03 | U52: En attente de paiement | V52: =VLOOKUP(Tableau2[[#This Row],[Code client]],extraction!A18:I391,9,0) -> -34.03 | W52: En attente de paiement | X52: =IFERROR(Tableau2[[#This Row],[Solde client avant relance]]+Tableau2[[#This Row],[Frais de recouvrement]]+Tableau2[[#This Row],[Majoration]],"") -> -34.389276
A53: TIE127547 | C53: oui | G53: 2factures envoyées mail le 16 + RIB pour prélévement bien reçu et transféré SRC, renvoi mail le 21/03/17 | J53: oubli | O53: =$B$1-Tableau2[[#This Row],[Date facture]] -> 42817 | P53: =IFERROR((Tableau2[[#This Row],[Solde client avant relance]]*Tableau2[[#This Row],[Nb de jours de retard]]*$L$1)/36500,"") -> -0.70588224 | Q53: =$K$2*Tableau2[[#This Row],[Nb factures]] -> 0 | R53: -66.86 | S53: En attente de paiement | T53: -66.86 | U53: En cours | V53: =VLOOKUP(Tableau2[[#This Row],[Code client]],extraction!A19:I392,9,0) -> -66.86 | W53: En cours | X53: =IFERROR(Tableau2[[#This Row],[Solde client avant relance]]+Tableau2[[#This Row],[Frais de recouvrement]]+Tableau2[[#This Row],[Majoration]],"") -> -67.565882
A54: TIE132045 | C54: oui | G54: envoyée par mail le 16, renvoi mail le 21/03/17 | O54: =$B$1-Tableau2[[#This Row],[Date facture]] -> 42817 | P54: =IFERROR((Tableau2[[#This Row],[Solde client avant relance]]*Tableau2[[#This Row],[Nb de jours de retard]]*$L$1)/36500,"") -> -0.35294112 | Q54: =$K$2*Tableau2[[#This Row],[Nb factures]] -> 0 | R54: -33.43 | S54: En attente de paiement | T54: -33.43 | U54: En cours | V54: =VLOOKUP(Tableau2[[#This Row],[Code client]],extraction!A20:I393,9,0) -> -33.43 | W54: En cours | X54: =IFERROR(Tableau2[[#This Row],[Solde client avant relance]]+Tableau2[[#This Row],[Frais de recouvrement]]+Tableau2[[#This Row],[Majoration]],"") -> -33.782941
A55: TIE133850 | C55: oui | G55: envoyée par mail le 16, renvoi mail le 21/03/17 | H55: le 22/03/17, n'avait jamais eu la facture avant le 16/01 du coup s'interroge sur la facture car pas eu de relance | O55: =$B$1-Tableau2[[#This Row],[Date facture]] -> 42817 | P55: =IFERROR((Tableau2[[#This Row],[Solde client avant relance]]*Tableau2[[#This Row],[Nb de jours de retard]]*$L$1)/36500,"") -> -0.35927569 | Q55: =$K$2*Tableau2[[#This Row],[Nb factures]] -> 0 | R55: -34.03 | S55: En attente de paiement | T55: -34.03 | U55: En cours | V55: =VLOOKUP(Tableau2[[#This Row],[Code client]],extraction!A21:I394,9,0) -> -34.03 | W55: En cours | X55: =IFERROR(Tableau2[[#This Row],[Solde client avant relance]]+Tableau2[[#This Row],[Frais de recouvrement]]+Tableau2[[#This Row],[Majoration]],"") -> -34.389276
A56: TIE258505 | C56: oui | G56: envoyée par mail le 19, retour mail demandant BC et BL le 20, renvoi mail le 21/03/17 | O56: =$B$1-Tableau2[[#This Row],[Date facture]] -> 42817 | P56: =IFERROR((Tableau2[[#This Row],[Solde client avant relance]]*Tableau2[[#This Row],[Nb de jours de retard]]*$L$1)/36500,"") -> -0.35294112 | Q56: =$K$2*Tableau2[[#This Row],[Nb factures]] -> 0 | R56: -33.43 | S56: En attente de paiement | T56: -33.43 | U56: En cours | V56: =VLOOKUP(Tableau2[[#This Row],[Code client]],extraction!A23:I396,9,0) -> -33.43 | W56: En cours | X56: =IFERROR(Tableau2[[#This Row],[Solde client avant relance]]+Tableau2[[#This Row],[Frais de recouvrement]]+Tableau2[[#This Row],[Majoration]],"") -> -33.782941
A57: TIE262422 | C57: oui | G57: envoyée par mail le 23, renvoi mail le 21/03/17 | O57: =$B$1-Tableau2[[#This Row],[Date facture]] -> 42817 | P57: =IFERROR((Tableau2[[#This Row],[Solde client avant relance]]*Tableau2[[#This Row],[Nb de jours de retard]]*$L$1)/36500,"") -> -1.1061215 | Q57: =$K$2*Tableau2[[#This Row],[Nb factures]] -> 0 | R57: -104.77 | S57: En attente de paiement | T57: -104.77 | U57: En cours | V57: =VLOOKUP(Tableau2[[#This Row],[Code client]],extraction!A24:I397,9,0) -> -104.77 | W57: En cours | X57: =IFERROR(Tableau2[[#This Row],[Solde client avant relance]]+Tableau2[[#This Row],[Frais de recouvrement]]+Tableau2[[#This Row],[Majoration]],"") -> -105.87612
A58: TIE281597 | C58: oui | G58: envoyée par mail le 17, renvoi mail le 21/03/17 | O58: =$B$1-Tableau2[[#This Row],[Date facture]] -> 42817 | P58: =IFERROR((Tableau2[[#This Row],[Solde client avant relance]]*Tableau2[[#This Row],[Nb de jours de retard]]*$L$1)/36500,"") -> -0.35294112 | Q58: =$K$2*Tableau2[[#This Row],[Nb factures]] -> 0 | R58: -33.43 | S58: En attente de paiement | T58: -33.43 | U58: En cours | V58: =VLOOKUP(Tableau2[[#This Row],[Code client]],extraction!A25:I398,9,0) -> -33.43 | W58: En cours | X58: =IFERROR(Tableau2[[#This Row],[Solde client avant relance]]+Tableau2[[#This Row],[Frais de recouvrement]]+Tableau2[[#This Row],[Majoration]],"") -> -33.782941
A59: TIE283364 | C59: oui | G59: envoyée par mail le 17, renvoi mail le 21/03/17 | O59: =$B$1-Tableau2[[#This Row],[Date facture]] -> 42817 | P59: =IFERROR((Tableau2[[#This Row],[Solde client avant relance]]*Tableau2[[#This Row],[Nb de jours de retard]]*$L$1)/36500,"") -> -0.59555514 | Q59: =$K$2*Tableau2[[#This Row],[Nb factures]] -> 0 | R59: -56.41 | S59: En attente de paiement | T59: -56.41 | U59: En cours | V59: =VLOOKUP(Tableau2[[#This Row],[Code client]],extraction!A27:I400,9,0) -> -56.41 | W59: En cours | X59: =IFERROR(Tableau2[[#This Row],[Solde client avant relance]]+Tableau2[[#This Row],[Frais de recouvrement]]+Tableau2[[#This Row],[Majoration]],"") -> -57.005555
A60: TIE309108 | C60: oui | G60: envoyée par mail le 17, renvoi mail le 21/03/17 | H60: le 22/03/17 mail envoi règlement au plus vite | O60: =$B$1-Tableau2[[#This Row],[Date facture]] -> 42817 | P60: =IFERROR((Tableau2[[#This Row],[Solde client avant relance]]*Tableau2[[#This Row],[Nb de jours de retard]]*$L$1)/36500,"") -> -0.86171265 | Q60: =$K$2*Tableau2[[#This Row],[Nb factures]] -> 0 | R60: -81.62 | S60: En attente de paiement | T60: -162.81 | U60: En cours | V60: =VLOOKUP(Tableau2[[#This Row],[Code client]],extraction!A29:I402,9,0) -> -81.62 | W60: En cours | X60: =IFERROR(Tableau2[[#This Row],[Solde client avant relance]]+Tableau2[[#This Row],[Frais de recouvrement]]+Tableau2[[#This Row],[Majoration]],"") -> -82.481713
A61: TIE350344 | C61: oui | G61: envoyée par mail le 19, renvoi mail le 21/03/17 | O61: =$B$1-Tableau2[[#This Row],[Date facture]] -> 42817 | P61: =IFERROR((Tableau2[[#This Row],[Solde client avant relance]]*Tableau2[[#This Row],[Nb de jours de retard]]*$L$1)/36500,"") -> -1.3237139 | Q61: =$K$2*Tableau2[[#This Row],[Nb factures]] -> 0 | R61: -125.38 | S61: En attente de paiement | T61: -125.38 | U61: En cours | V61: =VLOOKUP(Tableau2[[#This Row],[Code client]],extraction!A30:I403,9,0) -> -125.38 | W61: En cours | X61: =IFERROR(Tableau2[[#This Row],[Solde client avant relance]]+Tableau2[[#This Row],[Frais de recouvrement]]+Tableau2[[#This Row],[Majoration]],"") -> -126.70371
A62: TIE359526 | C62: oui | G62: mail envoyé le 08, renvoi mail le 21/03/17 | J62: pas transmis | O62: =$B$1-Tableau2[[#This Row],[Date facture]] -> 42817 | P62: =IFERROR((Tableau2[[#This Row],[Solde client avant relance]]*Tableau2[[#This Row],[Nb de jours de retard]]*$L$1)/36500,"") -> -0.35294112 | Q62: =$K$2*Tableau2[[#This Row],[Nb factures]] -> 0 | R62: -33.43 | S62: En attente de paiement | T62: -33.43 | U62: En cours | V62: =VLOOKUP(Tableau2[[#This Row],[Code client]],extraction!A34:I407,9,0) -> -33.43 | W62: En cours | X62: =IFERROR(Tableau2[[#This Row],[Solde client avant relance]]+Tableau2[[#This Row],[Frais de recouvrement]]+Tableau2[[#This Row],[Majoration]],"") -> -33.782941
A63: TIE355064 | C63: oui | G63: envoi mail le 21/03/17 | O63: =$B$1-Tableau2[[#This Row],[Date facture]] -> 42817 | P63: =IFERROR((Tableau2[[#This Row],[Solde client avant relance]]*Tableau2[[#This Row],[Nb de jours de retard]]*$L$1)/36500,"") -> 0 | Q63: =$K$2*Tableau2[[#This Row],[Nb factures]] -> 0 | S63: En cours | T63: -19.62 | U63: En cours | V63: =VLOOKUP(Tableau2[[#This Row],[Code client]],extraction!A131:I504,9,0) -> -19.62 | W63: En cours | X63: =IFERROR(Tableau2[[#This Row],[Solde client avant relance]]+Tableau2[[#This Row],[Frais de recouvrement]]+Tableau2[[#This Row],[Majoration]],"") -> 0
A64: TIE351611 | C64: oui | G64: envoyée par mail le 19, renvoi mail le 21/03/17 | J64: mauvaise adresse | O64: =$B$1-Tableau2[[#This Row],[Date facture]] -> 42817 | P64: =IFERROR((Tableau2[[#This Row],[Solde client avant relance]]*Tableau2[[#This Row],[Nb de jours de retard]]*$L$1)/36500,"") -> -0.35294112 | Q64: =$K$2*Tableau2[[#This Row],[Nb factures]] -> 0 | R64: -33.43 | S64: En attente de paiement | T64: -33.43 | U64: En cours | V64: =VLOOKUP(Tableau2[[#This Row],[Code client]],extraction!A189:I562,9,0) -> -33.43 | W64: En cours | X64: =IFERROR(Tableau2[[#This Row],[Solde client avant relance]]+Tableau2[[#This Row],[Frais de recouvrement]]+Tableau2[[#This Row],[Majoration]],"") -> -33.782941
A65: TIE352018 | C65: oui | G65: envoyées par mail le 18, renvoi mail le 21/03/17 | O65: =$B$1-Tableau2[[#This Row],[Date facture]] -> 42817 | P65: =IFERROR((Tableau2[[#This Row],[Solde client avant relance]]*Tableau2[[#This Row],[Nb de jours de retard]]*$L$1)/36500,"") -> -2.1204973 | Q65: =$K$2*Tableau2[[#This Row],[Nb factures]] -> 0 | R65: -200.85 | S65: En attente de paiement | T65: -200.85 | U65: En cours | V65: =VLOOKUP(Tableau2[[#This Row],[Code client]],extraction!A190:I563,9,0) -> -3.37 | W65: En cours | X65: =IFERROR(Tableau2[[#This Row],[Solde client avant relance]]+Tableau2[[#This Row],[Frais de recouvrement]]+Tableau2[[#This Row],[Majoration]],"") -> -202.9705
A66: TIE352440 | C66: oui | G66: envoyée par mail le 19, transmet pck reprise de société, après vérification sur avis de paiement, pas de virement effectué le 24/02/17, renvoi mail le 21/03/17 | H66: tel le 21/03/17, met en relance la compta | J66: déjà payée | O66: =$B$1-Tableau2[[#This Row],[Date facture]] -> 42817 | P66: =IFERROR((Tableau2[[#This Row],[Solde client avant relance]]*Tableau2[[#This Row],[Nb de jours de retard]]*$L$1)/36500,"") -> -0.59555514 | Q66: =$K$2*Tableau2[[#This Row],[Nb factures]] -> 0 | R66: -56.41 | S66: En attente de paiement | T66: -56.41 | U66: En cours | V66: =VLOOKUP(Tableau2[[#This Row],[Code client]],extraction!A191:I564,9,0) -> -56.41 | W66: En cours | X66: =IFERROR(Tableau2[[#This Row],[Solde client avant relance]]+Tableau2[[#This Row],[Frais de recouvrement]]+Tableau2[[#This Row],[Majoration]],"") -> -57.005555
A67: TIE352628 | C67: oui | F67: demande | G67: envoyée par mail le 19, renvoi mail le 21/03/17, le 22/03/17 envoi facture | H67: le 22/03/17, demande envoi facture | K67: 140907426 | L67: 1 | O67: =$B$1-Tableau2[[#This Row],[Date facture]] -> 42817 | P67: =IFERROR((Tableau2[[#This Row],[Solde client avant relance]]*Tableau2[[#This Row],[Nb de jours de retard]]*$L$1)/36500,"") -> -0.66586887 | Q67: =$K$2*Tableau2[[#This Row],[Nb factures]] -> -40 | R67: -63.07 | S67: En attente de paiement | T67: -63.07 | U67: En cours | V67: =VLOOKUP(Tableau2[[#This Row],[Code client]],extraction!A192:I565,9,0) -> -63.07 | W67: En cours | X67: =IFERROR(Tableau2[[#This Row],[Solde client avant relance]]+Tableau2[[#This Row],[Frais de recouvrement]]+Tableau2[[#This Row],[Majoration]],"") -> -103.73587
A68: TIE353833 | C68: oui | G68: envoyée par mail le 19, renvoi mail le 21/03/17 | O68: =$B$1-Tableau2[[#This Row],[Date facture]] -> 42817 | P68: =IFERROR((Tableau2[[#This Row],[Solde client avant relance]]*Tableau2[[#This Row],[Nb de jours de retard]]*$L$1)/36500,"") -> -1.0807832 | Q68: =$K$2*Tableau2[[#This Row],[Nb factures]] -> 0 | R68: -102.37 | S68: En attente de paiement | T68: -102.37 | U68: En cours | V68: =VLOOKUP(Tableau2[[#This Row],[Code client]],extraction!A194:I567,9,0) -> -102.37 | W68: En cours | X68: =IFERROR(Tableau2[[#This Row],[Solde client avant relance]]+Tableau2[[#This Row],[Frais de recouvrement]]+Tableau2[[#This Row],[Majoration]],"") -> -103.45078
A69: TIE354188 | C69: oui | G69: envoyées par mail le 18, renvoi mail le 21/03/17 | O69: =$B$1-Tableau2[[#This Row],[Date facture]] -> 42817 | P69: =IFERROR((Tableau2[[#This Row],[Solde client avant relance]]*Tableau2[[#This Row],[Nb de jours de retard]]*$L$1)/36500,"") -> -0.52650833 | Q69: =$K$2*Tableau2[[#This Row],[Nb factures]] -> 0 | R69: -49.87 | S69: En attente de paiement | T69: -49.87 | U69: En cours | V69: =VLOOKUP(Tableau2[[#This Row],[Code client]],extraction!A195:I568,9,0) -> -49.87 | W69: En cours | X69: =IFERROR(Tableau2[[#This Row],[Solde client avant relance]]+Tableau2[[#This Row],[Frais de recouvrement]]+Tableau2[[#This Row],[Majoration]],"") -> -50.396508
A70: TIE354355 | C70: oui | F70: demande | G70: envoyée par mail le 19, renvoi mail le 21/03/17, le 22/03/17 envoi facture | H70: le 22/03/17, demande envoi facture | K70: 141207404 | L70: 1 | O70: =$B$1-Tableau2[[#This Row],[Date facture]] -> 42817 | P70: =IFERROR((Tableau2[[#This Row],[Solde client avant relance]]*Tableau2[[#This Row],[Nb de jours de retard]]*$L$1)/36500,"") -> -0.35927569 | Q70: =$K$2*Tableau2[[#This Row],[Nb factures]] -> -40 | R70: -34.03 | S70: En attente de paiement | T70: -34.03 | U70: En cours | V70: =VLOOKUP(Tableau2[[#This Row],[Code client]],extraction!A196:I569,9,0) -> -34.03 | W70: En cours | X70: =IFERROR(Tableau2[[#This Row],[Solde client avant relance]]+Tableau2[[#This Row],[Frais de recouvrement]]+Tableau2[[#This Row],[Majoration]],"") -> -74.389276
A71: TIE355067 | C71: oui | G71: envoyée par mail le 20, renvoi mail le 21/03/17 | O71: =$B$1-Tableau2[[#This Row],[Date facture]] -> 42817 | P71: =IFERROR((Tableau2[[#This Row],[Solde client avant relance]]*Tableau2[[#This Row],[Nb de jours de retard]]*$L$1)/36500,"") -> -0.29329058 | Q71: =$K$2*Tableau2[[#This Row],[Nb factures]] -> 0 | R71: -27.78 | S71: En attente de paiement | T71: -27.78 | U71: En cours | V71: =VLOOKUP(Tableau2[[#This Row],[Code client]],extraction!A197:I570,9,0) -> -27.78 | W71: En cours | X71: =IFERROR(Tableau2[[#This Row],[Solde client avant relance]]+Tableau2[[#This Row],[Frais de recouvrement]]+Tableau2[[#This Row],[Majoration]],"") -> -28.073291
A72: TIE355072 | C72: oui | G72: envoyées par mail le 18, renvoi mail le 21/03/17 | O72: =$B$1-Tableau2[[#This Row],[Date facture]] -> 42817 | P72: =IFERROR((Tableau2[[#This Row],[Solde client avant relance]]*Tableau2[[#This Row],[Nb de jours de retard]]*$L$1)/36500,"") -> -0.40277307 | Q72: =$K$2*Tableau2[[#This Row],[Nb factures]] -> 0 | R72: -38.15 | S72: En attente de paiement | T72: -38.15 | U72: En cours | V72: =VLOOKUP(Tableau2[[#This Row],[Code client]],extraction!A198:I571,9,0) -> -38.15 | W72: En cours | X72: =IFERROR(Tableau2[[#This Row],[Solde client avant relance]]+Tableau2[[#This Row],[Frais de recouvrement]]+Tableau2[[#This Row],[Majoration]],"") -> -38.552773
A73: TIE355799 | C73: oui | G73: envoyée par mail le 20 | H73: retour mail+réponse le 30 | I73: Tania voit | O73: =$B$1-Tableau2[[#This Row],[Date facture]] -> 42817 | P73: =IFERROR((Tableau2[[#This Row],[Solde client avant relance]]*Tableau2[[#This Row],[Nb de jours de retard]]*$L$1)/36500,"") -> -8.1715951 | Q73: =$K$2*Tableau2[[#This Row],[Nb factures]] -> 0 | R73: -774 | S73: En attente de paiement | T73: -774 | U73: En cours | V73: =VLOOKUP(Tableau2[[#This Row],[Code client]],extraction!A199:I572,9,0) -> -774 | W73: En cours | X73: =IFERROR(Tableau2[[#This Row],[Solde client avant relance]]+Tableau2[[#This Row],[Frais de recouvrement]]+Tableau2[[#This Row],[Majoration]],"") -> -782.1716
A74: TIE356033 | C74: oui | G74: envoyée par mail le 23, renvoi mail le 21/03/17 | O74: =$B$1-Tableau2[[#This Row],[Date facture]] -> 42817 | P74: =IFERROR((Tableau2[[#This Row],[Solde client avant relance]]*Tableau2[[#This Row],[Nb de jours de retard]]*$L$1)/36500,"") -> -0.59555514 | Q74: =$K$2*Tableau2[[#This Row],[Nb factures]] -> 0 | R74: -56.41 | S74: En attente de paiement | T74: -56.41 | U74: En cours | V74: =VLOOKUP(Tableau2[[#This Row],[Code client]],extraction!A200:I573,9,0) -> -56.41 | W74: En cours | X74: =IFERROR(Tableau2[[#This Row],[Solde client avant relance]]+Tableau2[[#This Row],[Frais de recouvrement]]+Tableau2[[#This Row],[Majoration]],"") -> -57.005555
A75: TIE356216 | C75: oui | G75: envoyée par mail le 23, renvoi mail le 21/03/17 | J75: pas reçu facture | O75: =$B$1-Tableau2[[#This Row],[Date facture]] -> 42817 | P75: =IFERROR((Tableau2[[#This Row],[Solde client avant relance]]*Tableau2[[#This Row],[Nb de jours de retard]]*$L$1)/36500,"") -> -0.35294112 | Q75: =$K$2*Tableau2[[#This Row],[Nb factures]] -> 0 | R75: -33.43 | S75: En attente de paiement | T75: -33.43 | U75: En cours | V75: =VLOOKUP(Tableau2[[#This Row],[Code client]],extraction!A201:I574,9,0) -> -33.43 | W75: En cours | X75: =IFERROR(Tableau2[[#This Row],[Solde client avant relance]]+Tableau2[[#This Row],[Frais de recouvrement]]+Tableau2[[#This Row],[Majoration]],"") -> -33.782941
A76: TIE356459 | C76: oui | G76: envoyée par mail le 24, renvoi mail le 21/03/17 | J76: oubli | O76: =$B$1-Tableau2[[#This Row],[Date facture]] -> 42817 | P76: =IFERROR((Tableau2[[#This Row],[Solde client avant relance]]*Tableau2[[#This Row],[Nb de jours de retard]]*$L$1)/36500,"") -> -0.35294112 | Q76: =$K$2*Tableau2[[#This Row],[Nb factures]] -> 0 | R76: -33.43 | S76: En attente de paiement | T76: -33.43 | U76: En cours | V76: =VLOOKUP(Tableau2[[#This Row],[Code client]],extraction!A202:I575,9,0) -> -33.43 | W76: En cours | X76: =IFERROR(Tableau2[[#This Row],[Solde client avant relance]]+Tableau2[[#This Row],[Frais de recouvrement]]+Tableau2[[#This Row],[Majoration]],"") -> -33.782941
A77: TIE357172 | C77: oui | G77: envoyée par mail le 24, renvoi mail le 21/03/17 | O77: =$B$1-Tableau2[[#This Row],[Date facture]] -> 42817 | P77: =IFERROR((Tableau2[[#This Row],[Solde client avant relance]]*Tableau2[[#This Row],[Nb de jours de retard]]*$L$1)/36500,"") -> -0.3538913 | Q77: =$K$2*Tableau2[[#This Row],[Nb factures]] -> 0 | R77: -33.52 | S77: En attente de paiement | T77: -33.52 | U77: En cours | V77: =VLOOKUP(Tableau2[[#This Row],[Code client]],extraction!A204:I577,9,0) -> -33.52 | W77: En cours | X77: =IFERROR(Tableau2[[#This Row],[Solde client avant relance]]+Tableau2[[#This Row],[Frais de recouvrement]]+Tableau2[[#This Row],[Majoration]],"") -> -33.873891
A78: TIE358916 | C78: oui | G78: envoyée par mail le 24, renvoi mail le 21/03/17 | O78: =$B$1-Tableau2[[#This Row],[Date facture]] -> 42817 | P78: =IFERROR((Tableau2[[#This Row],[Solde client avant relance]]*Tableau2[[#This Row],[Nb de jours de retard]]*$L$1)/36500,"") -> -2.0461716 | Q78: =$K$2*Tableau2[[#This Row],[Nb factures]] -> 0 | R78: -193.81 | S78: En attente de paiement | T78: -193.81 | U78: En cours | V78: =VLOOKUP(Tableau2[[#This Row],[Code client]],extraction!A206:I579,9,0) -> -193.81 | W78: En cours | X78: =IFERROR(Tableau2[[#This Row],[Solde client avant relance]]+Tableau2[[#This Row],[Frais de recouvrement]]+Tableau2[[#This Row],[Majoration]],"") -> -195.85617
A79: TIE358989 | C79: oui | G79: envoyée par mail le 24, renvoi mail le 21/03/17 | H79: le 22/03/17, n'avait jam | J79: pas reçu | O79: =$B$1-Tableau2[[#This Row],[Date facture]] -> 42817 | P79: =IFERROR((Tableau2[[#This Row],[Solde client avant relance]]*Tableau2[[#This Row],[Nb de jours de retard]]*$L$1)/36500,"") -> -0.35294112 | Q79: =$K$2*Tableau2[[#This Row],[Nb factures]] -> 0 | R79: -33.43 | S79: En attente de paiement | T79: -33.43 | U79: En cours | V79: =VLOOKUP(Tableau2[[#This Row],[Code client]],extraction!A207:I580,9,0) -> -33.43 | W79: En cours | X79: =IFERROR(Tableau2[[#This Row],[Solde client avant relance]]+Tableau2[[#This Row],[Frais de recouvrement]]+Tableau2[[#This Row],[Majoration]],"") -> -33.782941
A80: TIE360794 | C80: oui | G80: envoyée par mail le 25, renvoi mail le 21/03/17 | H80: le 22/03/17, mail oubli, envoi chèque ce jour | I80: chèque | J80: étonnée | O80: =$B$1-Tableau2[[#This Row],[Date facture]] -> 42817 | P80: =IFERROR((Tableau2[[#This Row],[Solde client avant relance]]*Tableau2[[#This Row],[Nb de jours de retard]]*$L$1)/36500,"") -> -0.35294112 | Q80: =$K$2*Tableau2[[#This Row],[Nb factures]] -> 0 | R80: -33.43 | S80: En attente de paiement | T80: -33.43 | U80: En attente de paiement | V80: =VLOOKUP(Tableau2[[#This Row],[Code client]],extraction!A210:I583,9,0) -> -33.43 | W80: En attente de paiement | X80: =IFERROR(Tableau2[[#This Row],[Solde client avant relance]]+Tableau2[[#This Row],[Frais de recouvrement]]+Tableau2[[#This Row],[Majoration]],"") -> -33.782941
A81: TIE360928 | C81: oui | G81: envoyée par mail le 25, renvoi mail le 21/03/17 | J81: pas reçue | O81: =$B$1-Tableau2[[#This Row],[Date facture]] -> 42817 | P81: =IFERROR((Tableau2[[#This Row],[Solde client avant relance]]*Tableau2[[#This Row],[Nb de jours de retard]]*$L$1)/36500,"") -> -2.6883914 | Q81: =$K$2*Tableau2[[#This Row],[Nb factures]] -> 0 | R81: -254.64 | S81: En attente de paiement | T81: -254.64 | U81: En cours | V81: =VLOOKUP(Tableau2[[#This Row],[Code client]],extraction!A212:I585,9,0) -> -254.64 | W81: En cours | X81: =IFERROR(Tableau2[[#This Row],[Solde client avant relance]]+Tableau2[[#This Row],[Frais de recouvrement]]+Tableau2[[#This Row],[Majoration]],"") -> -257.32839
A82: TIE357630 | C82: oui | G82: mail envoyé le 30, renvoi mail le 21/03/17 | I82: envoi chèque | J82: oubli | O82: =$B$1-Tableau2[[#This Row],[Date facture]] -> 42817 | P82: =IFERROR((Tableau2[[#This Row],[Solde client avant relance]]*Tableau2[[#This Row],[Nb de jours de retard]]*$L$1)/36500,"") -> -0.35294112 | Q82: =$K$2*Tableau2[[#This Row],[Nb factures]] -> 0 | R82: -33.43 | S82: En attente de paiement | T82: -33.43 | U82: En attente de paiement | V82: =VLOOKUP(Tableau2[[#This Row],[Code client]],extraction!A218:I591,9,0) -> -33.43 | W82: En attente de paiement | X82: =IFERROR(Tableau2[[#This Row],[Solde client avant relance]]+Tableau2[[#This Row],[Frais de recouvrement]]+Tableau2[[#This Row],[Majoration]],"") -> -33.782941
A83: TIE360927 | C83: oui | G83: mail le 30, renvoi mail le 21/03/17 | H83: reviens le 24/03/07 | J83: oubli | O83: =$B$1-Tableau2[[#This Row],[Date facture]] -> 42817 | P83: =IFERROR((Tableau2[[#This Row],[Solde client avant relance]]*Tableau2[[#This Row],[Nb de jours de retard]]*$L$1)/36500,"") -> -0.46326821 | Q83: =$K$2*Tableau2[[#This Row],[Nb factures]] -> 0 | R83: -43.88 | S83: En attente de paiement | T83: -33.43 | U83: En cours | V83: =VLOOKUP(Tableau2[[#This Row],[Code client]],extraction!A219:I592,9,0) -> -43.88 | W83: En cours | X83: =IFERROR(Tableau2[[#This Row],[Solde client avant relance]]+Tableau2[[#This Row],[Frais de recouvrement]]+Tableau2[[#This Row],[Majoration]],"") -> -44.343268
A84: TIE358218 | C84: oui | G84: mail le 31, renvoi mail le 21/03/17 | O84: =$B$1-Tableau2[[#This Row],[Date facture]] -> 42817 | P84: =IFERROR((Tableau2[[#This Row],[Solde client avant relance]]*Tableau2[[#This Row],[Nb de jours de retard]]*$L$1)/36500,"") -> -0.35294112 | Q84: =$K$2*Tableau2[[#This Row],[Nb factures]] -> 0 | R84: -33.43 | S84: En attente de paiement | T84: -33.43 | U84: En cours | V84: =VLOOKUP(Tableau2[[#This Row],[Code client]],extraction!A220:I593,9,0) -> -33.43 | W84: En cours | X84: =IFERROR(Tableau2[[#This Row],[Solde client avant relance]]+Tableau2[[#This Row],[Frais de recouvrement]]+Tableau2[[#This Row],[Majoration]],"") -> -33.782941
A85: TIE361090 | C85: oui | G85: mail envoyé le 06, renvoi mail le 21/03/17 | J85: fermé | O85: =$B$1-Tableau2[[#This Row],[Date facture]] -> 42817 | P85: =IFERROR((Tableau2[[#This Row],[Solde client avant relance]]*Tableau2[[#This Row],[Nb de jours de retard]]*$L$1)/36500,"") -> -0.35294112 | Q85: =$K$2*Tableau2[[#This Row],[Nb factures]] -> 0 | R85: -33.43 | S85: En attente de paiement | T85: -33.43 | U85: En cours | V85: =VLOOKUP(Tableau2[[#This Row],[Code client]],extraction!A221:I594,9,0) -> -33.43 | W85: En cours | X85: =IFERROR(Tableau2[[#This Row],[Solde client avant relance]]+Tableau2[[#This Row],[Frais de recouvrement]]+Tableau2[[#This Row],[Majoration]],"") -> -33.782941
A86: TIE361248 | C86: oui | G86: mail envoyé le 06, adresse modifiée ok, renvoi mail le 21/03/17 | J86: mauvaise adresse | O86: =$B$1-Tableau2[[#This Row],[Date facture]] -> 42817 | P86: =IFERROR((Tableau2[[#This Row],[Solde client avant relance]]*Tableau2[[#This Row],[Nb de jours de retard]]*$L$1)/36500,"") -> -0.30595972 | Q86: =$K$2*Tableau2[[#This Row],[Nb factures]] -> 0 | R86: -28.98 | S86: En attente de paiement | T86: -63.01 | U86: En cours | V86: =VLOOKUP(Tableau2[[#This Row],[Code client]],extraction!A222:I595,9,0) -> -28.98 | W86: En cours | X86: =IFERROR(Tableau2[[#This Row],[Solde client avant relance]]+Tableau2[[#This Row],[Frais de recouvrement]]+Tableau2[[#This Row],[Majoration]],"") -> -29.28596
A87: TIE362089 | C87: oui | G87: mail envoyé le 06, renvoi mail le 21/03/17 | O87: =$B$1-Tableau2[[#This Row],[Date facture]] -> 42817 | P87: =IFERROR((Tableau2[[#This Row],[Solde client avant relance]]*Tableau2[[#This Row],[Nb de jours de retard]]*$L$1)/36500,"") -> -0.30595972 | Q87: =$K$2*Tableau2[[#This Row],[Nb factures]] -> 0 | R87: -28.98 | S87: En attente de paiement | T87: -28.98 | U87: En cours | V87: =VLOOKUP(Tableau2[[#This Row],[Code client]],extraction!A223:I596,9,0) -> -28.98 | W87: En cours | X87: =IFERROR(Tableau2[[#This Row],[Solde client avant relance]]+Tableau2[[#This Row],[Frais de recouvrement]]+Tableau2[[#This Row],[Majoration]],"") -> -29.28596
A88: TIE362412 | C88: oui | G88: mail envoyé le 06, renvoi mail le 21/03/17 | H88: le 22/03/17, mail oubli, envoi chèque ce jour | I88: envoi chèque | J88: pas eu la facture | O88: =$B$1-Tableau2[[#This Row],[Date facture]] -> 42817 | P88: =IFERROR((Tableau2[[#This Row],[Solde client avant relance]]*Tableau2[[#This Row],[Nb de jours de retard]]*$L$1)/36500,"") -> -0.35294112 | Q88: =$K$2*Tableau2[[#This Row],[Nb factures]] -> 0 | R88: -33.43 | S88: En attente de paiement | T88: -33.43 | U88: En attente de paiement | V88: =VLOOKUP(Tableau2[[#This Row],[Code client]],extraction!A224:I597,9,0) -> -33.43 | W88: En attente de paiement | X88: =IFERROR(Tableau2[[#This Row],[Solde client avant relance]]+Tableau2[[#This Row],[Frais de recouvrement]]+Tableau2[[#This Row],[Majoration]],"") -> -33.782941
A89: TIE363422 | C89: oui | G89: mail envoyé le 06, renvoi mail le 21/03/17 | H89: mail transmet au bon service | O89: =$B$1-Tableau2[[#This Row],[Date facture]] -> 42817 | P89: =IFERROR((Tableau2[[#This Row],[Solde client avant relance]]*Tableau2[[#This Row],[Nb de jours de retard]]*$L$1)/36500,"") -> -0.71855137 | Q89: =$K$2*Tableau2[[#This Row],[Nb factures]] -> 0 | R89: -68.06 | S89: En attente de paiement | T89: -34.03 | U89: En cours | V89: =VLOOKUP(Tableau2[[#This Row],[Code client]],extraction!A226:I599,9,0) -> -34.03 | W89: En cours | X89: =IFERROR(Tableau2[[#This Row],[Solde client avant relance]]+Tableau2[[#This Row],[Frais de recouvrement]]+Tableau2[[#This Row],[Majoration]],"") -> -68.778551
A90: TIE364022 | C90: oui | G90: mail envoyé le 06, renvoi mail le 21/03/17 | J90: probleme interne | O90: =$B$1-Tableau2[[#This Row],[Date facture]] -> 42817 | P90: =IFERROR((Tableau2[[#This Row],[Solde client avant relance]]*Tableau2[[#This Row],[Nb de jours de retard]]*$L$1)/36500,"") -> -0.35927569 | Q90: =$K$2*Tableau2[[#This Row],[Nb factures]] -> 0 | R90: -34.03 | S90: En attente de paiement | T90: -34.03 | U90: En cours | V90: =VLOOKUP(Tableau2[[#This Row],[Code client]],extraction!A227:I600,9,0) -> -34.03 | W90: En cours | X90: =IFERROR(Tableau2[[#This Row],[Solde client avant relance]]+Tableau2[[#This Row],[Frais de recouvrement]]+Tableau2[[#This Row],[Majoration]],"") -> -34.389276
A91: TIE366520 | C91: oui | G91: mail envoyé le 06, renvoi mail le 21/03/17 | I91: envoie un chèque | O91: =$B$1-Tableau2[[#This Row],[Date facture]] -> 42817 | P91: =IFERROR((Tableau2[[#This Row],[Solde client avant relance]]*Tableau2[[#This Row],[Nb de jours de retard]]*$L$1)/36500,"") -> -0.47593735 | Q91: =$K$2*Tableau2[[#This Row],[Nb factures]] -> 0 | R91: -45.08 | S91: En attente de paiement | T91: -45.08 | U91: En attente de paiement | V91: =VLOOKUP(Tableau2[[#This Row],[Code client]],extraction!A230:I603,9,0) -> -45.08 | W91: En attente de paiement | X91: =IFERROR(Tableau2[[#This Row],[Solde client avant relance]]+Tableau2[[#This Row],[Frais de recouvrement]]+Tableau2[[#This Row],[Majoration]],"") -> -45.555937
A92: TIE366617 | C92: oui | G92: mail envoyé le 06, renvoi mail le 21/03/17 | J92: envoyée à la banque | O92: =$B$1-Tableau2[[#This Row],[Date facture]] -> 42817 | P92: =IFERROR((Tableau2[[#This Row],[Solde client avant relance]]*Tableau2[[#This Row],[Nb de jours de retard]]*$L$1)/36500,"") -> -0.35294112 | Q92: =$K$2*Tableau2[[#This Row],[Nb factures]] -> 0 | R92: -33.43 | S92: En attente de paiement | T92: -33.43 | U92: En cours | V92: =VLOOKUP(Tableau2[[#This Row],[Code client]],extraction!A231:I604,9,0) -> -33.43 | W92: En cours | X92: =IFERROR(Tableau2[[#This Row],[Solde client avant relance]]+Tableau2[[#This Row],[Frais de recouvrement]]+Tableau2[[#This Row],[Majoration]],"") -> -33.782941
A93: TIE366694 | C93: oui | G93: mail envoyé le 06, renvoi mail le 21/03/17 | H93: le 21/03/17 mail, facture en cours d'enregistrement | J93: pas eu | O93: =$B$1-Tableau2[[#This Row],[Date facture]] -> 42817 | P93: =IFERROR((Tableau2[[#This Row],[Solde client avant relance]]*Tableau2[[#This Row],[Nb de jours de retard]]*$L$1)/36500,"") -> -3.843817 | Q93: =$K$2*Tableau2[[#This Row],[Nb factures]] -> 0 | R93: -364.08 | S93: En attente de paiement | T93: -364.08 | U93: En cours | V93: =VLOOKUP(Tableau2[[#This Row],[Code client]],extraction!A232:I605,9,0) -> -364.08 | W93: En cours | X93: =IFERROR(Tableau2[[#This Row],[Solde client avant relance]]+Tableau2[[#This Row],[Frais de recouvrement]]+Tableau2[[#This Row],[Majoration]],"") -> -367.92382
A94: TIE366700 | C94: oui | G94: mail envoyé le 06, renvoi mail le 21/03/17 | H94: mail reçu le 06, le 22/03/17 mail envoi chèque ce jour | I94: envoi chèque | J94: banque qui doit payer | O94: =$B$1-Tableau2[[#This Row],[Date facture]] -> 42817 | P94: =IFERROR((Tableau2[[#This Row],[Solde client avant relance]]*Tableau2[[#This Row],[Nb de jours de retard]]*$L$1)/36500,"") -> -2.8176167 | Q94: =$K$2*Tableau2[[#This Row],[Nb factures]] -> 0 | R94: -266.88 | S94: En attente de paiement | T94: -266.88 | U94: En attente de paiement | V94: =VLOOKUP(Tableau2[[#This Row],[Code client]],extraction!A233:I606,9,0) -> -266.88 | W94: En attente de paiement | X94: =IFERROR(Tableau2[[#This Row],[Solde client avant relance]]+Tableau2[[#This Row],[Frais de recouvrement]]+Tableau2[[#This Row],[Majoration]],"") -> -269.69762
A95: TIE133135 | C95: oui | J95: chèque reçu | O95: =$B$1-Tableau2[[#This Row],[Date facture]] -> 42817 | P95: =IFERROR((Tableau2[[#This Row],[Solde client avant relance]]*Tableau2[[#This Row],[Nb de jours de retard]]*$L$1)/36500,"") -> -0.35093517 | Q95: =$K$2*Tableau2[[#This Row],[Nb factures]] -> 0 | R95: -33.24 | S95: Réglé | T95: -33.24 | U95: En cours | V95: =VLOOKUP(Tableau2[[#This Row],[Code client]],extraction!A2:I375,9,0) -> -33.24 | X95: =IFERROR(Tableau2[[#This Row],[Solde client avant relance]]+Tableau2[[#This Row],[Frais de recouvrement]]+Tableau2[[#This Row],[Majoration]],"") -> -33.590935
A96: TIE124546 | C96: oui | O96: =$B$1-Tableau2[[#This Row],[Date facture]] -> 42817 | P96: =IFERROR((Tableau2[[#This Row],[Solde client avant relance]]*Tableau2[[#This Row],[Nb de jours de retard]]*$L$1)/36500,"") -> -0.35294112 | Q96: =$K$2*Tableau2[[#This Row],[Nb factures]] -> 0 | R96: -33.43 | S96: En cours | T96: -33.43 | U96: En cours | V96: =VLOOKUP(Tableau2[[#This Row],[Code client]],extraction!A4:I377,9,0) -> -33.43 | X96: =IFERROR(Tableau2[[#This Row],[Solde client avant relance]]+Tableau2[[#This Row],[Frais de recouvrement]]+Tableau2[[#This Row],[Majoration]],"") -> -33.782941
A97: TIE105816 | C97: oui | O97: =$B$1-Tableau2[[#This Row],[Date facture]] -> 42817 | P97: =IFERROR((Tableau2[[#This Row],[Solde client avant relance]]*Tableau2[[#This Row],[Nb de jours de retard]]*$L$1)/36500,"") -> 0 | Q97: =$K$2*Tableau2[[#This Row],[Nb factures]] -> 0 | S97: En cours | T97: -57.61 | U97: En cours | V97: =VLOOKUP(Tableau2[[#This Row],[Code client]],extraction!A5:I378,9,0) -> -57.61 | X97: =IFERROR(Tableau2[[#This Row],[Solde client avant relance]]+Tableau2[[#This Row],[Frais de recouvrement]]+Tableau2[[#This Row],[Majoration]],"") -> 0
A98: TIE109846 | C98: oui | O98: =$B$1-Tableau2[[#This Row],[Date facture]] -> 42817 | P98: =IFERROR((Tableau2[[#This Row],[Solde client avant relance]]*Tableau2[[#This Row],[Nb de jours de retard]]*$L$1)/36500,"") -> 0 | Q98: =$K$2*Tableau2[[#This Row],[Nb factures]] -> 0 | S98: En cours | T98: -56.58 | U98: En cours | V98: =VLOOKUP(Tableau2[[#This Row],[Code client]],extraction!A6:I379,9,0) -> -56.58 | X98: =IFERROR(Tableau2[[#This Row],[Solde client avant relance]]+Tableau2[[#This Row],[Frais de recouvrement]]+Tableau2[[#This Row],[Majoration]],"") -> 0
A99: TIE114149 | C99: oui | O99: =$B$1-Tableau2[[#This Row],[Date facture]] -> 42817 | P99: =IFERROR((Tableau2[[#This Row],[Solde client avant relance]]*Tableau2[[#This Row],[Nb de jours de retard]]*$L$1)/36500,"") -> 0 | Q99: =$K$2*Tableau2[[#This Row],[Nb factures]] -> 0 | S99: En cours | T99: -24.3 | U99: En cours | V99: =VLOOKUP(Tableau2[[#This Row],[Code client]],extraction!A7:I380,9,0) -> -24.3 | X99: =IFERROR(Tableau2[[#This Row],[Solde client avant relance]]+Tableau2[[#This Row],[Frais de recouvrement]]+Tableau2[[#This Row],[Majoration]],"") -> 0
A100: TIE229372 | C100: oui | G100: renvoyée par courrier le 16 | J100: mauvaise adresse | O100: =$B$1-Tableau2[[#This Row],[Date facture]] -> 42817 | P100: =IFERROR((Tableau2[[#This Row],[Solde client avant relance]]*Tableau2[[#This Row],[Nb de jours de retard]]*$L$1)/36500,"") -> -0.60822428 | Q100: =$K$2*Tableau2[[#This Row],[Nb factures]] -> 0 | R100: -57.61 | S100: En attente de paiement | T100: -57.61 | U100: En attente de paiement | V100: =VLOOKUP(Tableau2[[#This Row],[Code client]],extraction!A22:I395,9,0) -> -57.61 | X100: =IFERROR(Tableau2[[#This Row],[Solde client avant relance]]+Tableau2[[#This Row],[Frais de recouvrement]]+Tableau2[[#This Row],[Majoration]],"") -> -58.218224
A101: TIE296259 | C101: oui | G101: envoyée par mail le 19 | O101: =$B$1-Tableau2[[#This Row],[Date facture]] -> 42817 | P101: =IFERROR((Tableau2[[#This Row],[Solde client avant relance]]*Tableau2[[#This Row],[Nb de jours de retard]]*$L$1)/36500,"") -> -0.11032709 | Q101: =$K$2*Tableau2[[#This Row],[Nb factures]] -> 0 | R101: -10.45 | S101: En attente de paiement | T101: -10.45 | U101: En attente de paiement | V101: =VLOOKUP(Tableau2[[#This Row],[Code client]],extraction!A28:I401,9,0) -> -10.45 | X101: =IFERROR(Tableau2[[#This Row],[Solde client avant relance]]+Tableau2[[#This Row],[Frais de recouvrement]]+Tableau2[[#This Row],[Majoration]],"") -> -10.560327
A102: TIE224499 | C102: oui | O102: =$B$1-Tableau2[[#This Row],[Date facture]] -> 42817 | P102: =IFERROR((Tableau2[[#This Row],[Solde client avant relance]]*Tableau2[[#This Row],[Nb de jours de retard]]*$L$1)/36500,"") -> -0.35093517 | Q102: =$K$2*Tableau2[[#This Row],[Nb factures]] -> 0 | R102: -33.24 | S102: En cours | T102: -33.24 | U102: En cours | V102: =VLOOKUP(Tableau2[[#This Row],[Code client]],extraction!A101:I474,9,0) -> -33.24 | X102: =IFERROR(Tableau2[[#This Row],[Solde client avant relance]]+Tableau2[[#This Row],[Frais de recouvrement]]+Tableau2[[#This Row],[Majoration]],"") -> -33.590935
A103: TIE308553 | C103: oui | O103: =$B$1-Tableau2[[#This Row],[Date facture]] -> 42817 | P103: =IFERROR((Tableau2[[#This Row],[Solde client avant relance]]*Tableau2[[#This Row],[Nb de jours de retard]]*$L$1)/36500,"") -> -0.71021086 | Q103: =$K$2*Tableau2[[#This Row],[Nb factures]] -> 0 | R103: -67.27 | S103: En cours | T103: -67.27 | U103: En cours | V103: =VLOOKUP(Tableau2[[#This Row],[Code client]],extraction!A102:I475,9,0) -> -67.27 | X103: =IFERROR(Tableau2[[#This Row],[Solde client avant relance]]+Tableau2[[#This Row],[Frais de recouvrement]]+Tableau2[[#This Row],[Majoration]],"") -> -67.980211
...

Sheet Mettre en place prélèvement
C5: Mise en place prélèvement
C6: Code client | E6: Libellé
I11: lorsque colonne prélevement écrit oui mettre code client et libellé ici

Sheet Relances G
A1: Date du jour | B1: =TODAY() -> 42817
A6: Code client | B6: Libellé | C6: Contact | D6: Actions effectuées | E6: Retour | F6: Actions en attente | G6: Motif non-paiement | H6: Numéro facture | I6: Nb factures | J6: Date facture | K6: Délai paiement | L6: Nb de jours de retard | M6: Solde client avant relance | N6: Etat | O6: Nouveau solde | P6: Nouvel etat | Q6: Nouveau solde2 | R6: Nouvel état
A7: BAN01105 | G7: mauvaise adresse de facturation | L7: =$B$1-Tableau26[[#This Row],[Date facture]] -> 42817 | M7: -4987.23 | N7: En attente de paiement | O7: -181.55 | P7: Réglées sauf celle de février | Q7: =IF(ISNA(VLOOKUP(Tableau26[[#This Row],[Code client]],extraction!A1:I376,9,0)),"réglé",VLOOKUP(Tableau26[[#This Row],[Code client]],extraction!A1:I376,9,0)) -> réglé | R7: Réglée
A8: BAN01268 | G8: mauvaise adresse de facturation | H8: 160306115 160411321 | L8: =$B$1-Tableau26[[#This Row],[Date facture]] -> 42817 | M8: -3800.34 | N8: En attente de paiement | O8: -3800.34 | Q8: =IF(ISNA(VLOOKUP(Tableau26[[#This Row],[Code client]],extraction!A2:I377,9,0)),"réglé",VLOOKUP(Tableau26[[#This Row],[Code client]],extraction!A2:I377,9,0)) -> -3800.34
A9: BAN01394 | H9: CELINE | L9: =$B$1-Tableau26[[#This Row],[Date facture]] -> 42817 | M9: -60313.38 | O9: -63354.69 | Q9: =IF(ISNA(VLOOKUP(Tableau26[[#This Row],[Code client]],extraction!A3:I378,9,0)),"réglé",VLOOKUP(Tableau26[[#This Row],[Code client]],extraction!A3:I378,9,0)) -> -55343.94
A10: BAN01636 | G10: déjà payée + pas reçues | L10: =$B$1-Tableau26[[#This Row],[Date facture]] -> 42817 | M10: -6670.89 | N10: En attente de paiement | O10: -13730.95 | Q10: =IF(ISNA(VLOOKUP(Tableau26[[#This Row],[Code client]],extraction!A4:I379,9,0)),"réglé",VLOOKUP(Tableau26[[#This Row],[Code client]],extraction!A4:I379,9,0)) -> -4750.64 | R10: En attente de paiement
A11: BAN01877 | L11: =$B$1-Tableau26[[#This Row],[Date facture]] -> 42817 | M11: -7784.45 | O11: -9256.09 | Q11: =IF(ISNA(VLOOKUP(Tableau26[[#This Row],[Code client]],extraction!A5:I380,9,0)),"réglé",VLOOKUP(Tableau26[[#This Row],[Code client]],extraction!A5:I380,9,0)) -> -6772.89
A12: BAN02039 | L12: =$B$1-Tableau26[[#This Row],[Date facture]] -> 42817 | M12: -3887.57 | N12: En attente de paiement | O12: -3887.57 | Q12: =IF(ISNA(VLOOKUP(Tableau26[[#This Row],[Code client]],extraction!A6:I381,9,0)),"réglé",VLOOKUP(Tableau26[[#This Row],[Code client]],extraction!A6:I381,9,0)) -> -3887.57 | R12: En attente de paiement
A13: BAN02045 | L13: =$B$1-Tableau26[[#This Row],[Date facture]] -> 42817 | M13: -4487.4 | O13: -6638.46 | Q13: =IF(ISNA(VLOOKUP(Tableau26[[#This Row],[Code client]],extraction!A7:I382,9,0)),"réglé",VLOOKUP(Tableau26[[#This Row],[Code client]],extraction!A7:I382,9,0)) -> -2557.45
A14: BAN02204 | L14: =$B$1-Tableau26[[#This Row],[Date facture]] -> 42817 | M14: -93046.29 | O14: -79657.36 | Q14: =IF(ISNA(VLOOKUP(Tableau26[[#This Row],[Code client]],extraction!A8:I383,9,0)),"réglé",VLOOKUP(Tableau26[[#This Row],[Code client]],extraction!A8:I383,9,0)) -> -44289.03
A15: BAN02224 | L15: =$B$1-Tableau26[[#This Row],[Date facture]] -> 42817 | M15: -2295.88 | N15: Factures de + 5ans | O15: -2295.88 | Q15: =IF(ISNA(VLOOKUP(Tableau26[[#This Row],[Code client]],extraction!A9:I384,9,0)),"réglé",VLOOKUP(Tableau26[[#This Row],[Code client]],extraction!A9:I384,9,0)) -> -2295.88
A16: BAN02272 | L16: =$B$1-Tableau26[[#This Row],[Date facture]] -> 42817 | M16: -5701.84 | O16: -5782.7 | Q16: =IF(ISNA(VLOOKUP(Tableau26[[#This Row],[Code client]],extraction!A10:I385,9,0)),"réglé",VLOOKUP(Tableau26[[#This Row],[Code client]],extraction!A10:I385,9,0)) -> -5701.84
A17: BAN02346 | L17: =$B$1-Tableau26[[#This Row],[Date facture]] -> 42817 | M17: -17076.16 | N17: En attente de paiement | O17: -5378.69 | P17: réglées en partie | Q17: =IF(ISNA(VLOOKUP(Tableau26[[#This Row],[Code client]],extraction!A11:I386,9,0)),"réglé",VLOOKUP(Tableau26[[#This Row],[Code client]],extraction!A11:I386,9,0)) -> réglé | R17: Réglée
A18: BAN02674 | L18: =$B$1-Tableau26[[#This Row],[Date facture]] -> 42817 | M18: -2150.87 | O18: -24387.34 | Q18: =IF(ISNA(VLOOKUP(Tableau26[[#This Row],[Code client]],extraction!A12:I387,9,0)),"réglé",VLOOKUP(Tableau26[[#This Row],[Code client]],extraction!A12:I387,9,0)) -> -2150.87
A19: BAN02804 | G19: pas reçu les factures dans leur service | L19: =$B$1-Tableau26[[#This Row],[Date facture]] -> 42817 | M19: -7759.71 | N19: En attente de paiement | O19: -9295.9 | Q19: =IF(ISNA(VLOOKUP(Tableau26[[#This Row],[Code client]],extraction!A13:I388,9,0)),"réglé",VLOOKUP(Tableau26[[#This Row],[Code client]],extraction!A13:I388,9,0)) -> -5772.37 | R19: En attente de paiement
A20: BAN10096 | G20: pensait être en prélèvement direct | L20: =$B$1-Tableau26[[#This Row],[Date facture]] -> 42817 | M20: -4934.62 | N20: En attente de paiement | O20: -52.54 | P20: réglées | Q20: =IF(ISNA(VLOOKUP(Tableau26[[#This Row],[Code client]],extraction!A14:I389,9,0)),"réglé",VLOOKUP(Tableau26[[#This Row],[Code client]],extraction!A14:I389,9,0)) -> réglé | R20: Réglée
A21: GUI1027800111 | G21: problème d'imputation | L21: =$B$1-Tableau26[[#This Row],[Date facture]] -> 42817 | M21: -12771.94 | N21: En attente de paiement | O21: -14933.12 | P21: facture de 2011 à mettre en perte | Q21: =IF(ISNA(VLOOKUP(Tableau26[[#This Row],[Code client]],extraction!A15:I390,9,0)),"réglé",VLOOKUP(Tableau26[[#This Row],[Code client]],extraction!A15:I390,9,0)) -> -12771.94 | R21: En attente de paiement
A22: GUI1615900350 | H22: CELINE | L22: =$B$1-Tableau26[[#This Row],[Date facture]] -> 42817 | M22: -100290.73 | N22: Factures de + 5ans | O22: -50966.64 | Q22: =IF(ISNA(VLOOKUP(Tableau26[[#This Row],[Code client]],extraction!A16:I391,9,0)),"réglé",VLOOKUP(Tableau26[[#This Row],[Code client]],extraction!A16:I391,9,0)) -> -45516.4
A23: SCT20S000001 | H23: CELINE | L23: =$B$1-Tableau26[[#This Row],[Date facture]] -> 42817 | M23: -22193.52 | N23: Factures de + 5ans | O23: -22193.52 | Q23: =IF(ISNA(VLOOKUP(Tableau26[[#This Row],[Code client]],extraction!A17:I392,9,0)),"réglé",VLOOKUP(Tableau26[[#This Row],[Code client]],extraction!A17:I392,9,0)) -> -22193.52
A24: TIE100032 | L24: =$B$1-Tableau26[[#This Row],[Date facture]] -> 42817 | M24: -3789.95 | O24: -4009.88 | Q24: =IF(ISNA(VLOOKUP(Tableau26[[#This Row],[Code client]],extraction!A18:I393,9,0)),"réglé",VLOOKUP(Tableau26[[#This Row],[Code client]],extraction!A18:I393,9,0)) -> -2549.36
A25: TIE100060 | G25: facturé au mauvais endroit | H25: 170106305 161006000 | L25: =$B$1-Tableau26[[#This Row],[Date facture]] -> 42817 | M25: -5514.11 | N25: En attente de paiement | O25: -5514.11 | Q25: =IF(ISNA(VLOOKUP(Tableau26[[#This Row],[Code client]],extraction!A19:I394,9,0)),"réglé",VLOOKUP(Tableau26[[#This Row],[Code client]],extraction!A19:I394,9,0)) -> -3905.22 | R25: En attente de paiement
A26: TIE101882 | L26: =$B$1-Tableau26[[#This Row],[Date facture]] -> 42817 | M26: -2015.67 | O26: -2015.67 | Q26: =IF(ISNA(VLOOKUP(Tableau26[[#This Row],[Code client]],extraction!A20:I395,9,0)),"réglé",VLOOKUP(Tableau26[[#This Row],[Code client]],extraction!A20:I395,9,0)) -> -2015.67
A27: TIE101883 | L27: =$B$1-Tableau26[[#This Row],[Date facture]] -> 42817 | M27: -1669.36 | O27: -1669.36 | Q27: =IF(ISNA(VLOOKUP(Tableau26[[#This Row],[Code client]],extraction!A21:I396,9,0)),"réglé",VLOOKUP(Tableau26[[#This Row],[Code client]],extraction!A21:I396,9,0)) -> -1669.36
A28: TIE101901 | L28: =$B$1-Tableau26[[#This Row],[Date facture]] -> 42817 | M28: -1222.77 | O28: -1222.77 | Q28: =IF(ISNA(VLOOKUP(Tableau26[[#This Row],[Code client]],extraction!A22:I397,9,0)),"réglé",VLOOKUP(Tableau26[[#This Row],[Code client]],extraction!A22:I397,9,0)) -> -1222.77
A29: TIE103111 | H29: CELINE JUNG | L29: =$B$1-Tableau26[[#This Row],[Date facture]] -> 42817 | M29: -5794.1 | O29: -5192.83 | Q29: =IF(ISNA(VLOOKUP(Tableau26[[#This Row],[Code client]],extraction!A23:I398,9,0)),"réglé",VLOOKUP(Tableau26[[#This Row],[Code client]],extraction!A23:I398,9,0)) -> -2962.22
A30: TIE111914 | H30: CELINE | L30: =$B$1-Tableau26[[#This Row],[Date facture]] -> 42817 | M30: -151690.55 | O30: -156755.29 | Q30: =IF(ISNA(VLOOKUP(Tableau26[[#This Row],[Code client]],extraction!A24:I399,9,0)),"réglé",VLOOKUP(Tableau26[[#This Row],[Code client]],extraction!A24:I399,9,0)) -> -150543.01
A31: TIE116342 | G31: payée + en litige | L31: =$B$1-Tableau26[[#This Row],[Date facture]] -> 42817 | M31: -20899.43 | N31: En attente de paiement | O31: -178.76 | P31: réglées | Q31: =IF(ISNA(VLOOKUP(Tableau26[[#This Row],[Code client]],extraction!A25:I400,9,0)),"réglé",VLOOKUP(Tableau26[[#This Row],[Code client]],extraction!A25:I400,9,0)) -> réglé | R31: Réglée
A32: TIE129051 | L32: =$B$1-Tableau26[[#This Row],[Date facture]] -> 42817 | M32: -1736.06 | O32: -1736.06 | Q32: =IF(ISNA(VLOOKUP(Tableau26[[#This Row],[Code client]],extraction!A26:I401,9,0)),"réglé",VLOOKUP(Tableau26[[#This Row],[Code client]],extraction!A26:I401,9,0)) -> -1736.06
A33: TIE129419 | L33: =$B$1-Tableau26[[#This Row],[Date facture]] -> 42817 | M33: -1200.04 | O33: -1200.04 | Q33: =IF(ISNA(VLOOKUP(Tableau26[[#This Row],[Code client]],extraction!A27:I402,9,0)),"réglé",VLOOKUP(Tableau26[[#This Row],[Code client]],extraction!A27:I402,9,0)) -> -1200.04
A34: TIE132180 | L34: =$B$1-Tableau26[[#This Row],[Date facture]] -> 42817 | M34: -7762.27 | N34: Factures de + 5ans | O34: -7762.27 | Q34: =IF(ISNA(VLOOKUP(Tableau26[[#This Row],[Code client]],extraction!A28:I403,9,0)),"réglé",VLOOKUP(Tableau26[[#This Row],[Code client]],extraction!A28:I403,9,0)) -> -7762.27
A35: TIE172633 | H35: CELINE JUNG | L35: =$B$1-Tableau26[[#This Row],[Date facture]] -> 42817 | M35: -998.64 | O35: -1132.24 | Q35: =IF(ISNA(VLOOKUP(Tableau26[[#This Row],[Code client]],extraction!A29:I404,9,0)),"réglé",VLOOKUP(Tableau26[[#This Row],[Code client]],extraction!A29:I404,9,0)) -> -998.64
A36: TIE199746 | L36: =$B$1-Tableau26[[#This Row],[Date facture]] -> 42817 | M36: -2258.14 | N36: En attente de paiement | O36: -2258.14 | Q36: =IF(ISNA(VLOOKUP(Tableau26[[#This Row],[Code client]],extraction!A30:I405,9,0)),"réglé",VLOOKUP(Tableau26[[#This Row],[Code client]],extraction!A30:I405,9,0)) -> -2258.14
A37: TIE246505 | L37: =$B$1-Tableau26[[#This Row],[Date facture]] -> 42817 | M37: -2403.23 | N37: Factures de + 5ans | O37: -2403.23 | Q37: =IF(ISNA(VLOOKUP(Tableau26[[#This Row],[Code client]],extraction!A31:I406,9,0)),"réglé",VLOOKUP(Tableau26[[#This Row],[Code client]],extraction!A31:I406,9,0)) -> -2403.23
A38: TIE261427 | L38: =$B$1-Tableau26[[#This Row],[Date facture]] -> 42817 | M38: -1020.76 | O38: -1020.76 | Q38: =IF(ISNA(VLOOKUP(Tableau26[[#This Row],[Code client]],extraction!A32:I407,9,0)),"réglé",VLOOKUP(Tableau26[[#This Row],[Code client]],extraction!A32:I407,9,0)) -> -1020.76 | R38: En cours
A39: TIE298728 | L39: =$B$1-Tableau26[[#This Row],[Date facture]] -> 42817 | M39: -1526.82 | O39: -1526.82 | Q39: =IF(ISNA(VLOOKUP(Tableau26[[#This Row],[Code client]],extraction!A33:I408,9,0)),"réglé",VLOOKUP(Tableau26[[#This Row],[Code client]],extraction!A33:I408,9,0)) -> -1252.58
A40: TIE366710 | L40: =$B$1-Tableau26[[#This Row],[Date facture]] -> 42817 | M40: -1980.72 | O40: -1980.72 | Q40: =IF(ISNA(VLOOKUP(Tableau26[[#This Row],[Code client]],extraction!A34:I409,9,0)),"réglé",VLOOKUP(Tableau26[[#This Row],[Code client]],extraction!A34:I409,9,0)) -> -1980.72
A41: BAN30066 | G41: paye plusieurs mois d'un coup | L41: =$B$1-Tableau26[[#This Row],[Date facture]] -> 42817 | M41: -816754.87 | N41: En attente de paiement | Q41: =IF(ISNA(VLOOKUP(Tableau26[[#This Row],[Code client]],extraction!A35:I410,9,0)),"réglé",VLOOKUP(Tableau26[[#This Row],[Code client]],extraction!A35:I410,9,0)) -> -227211.76 | R41: En attente de paiement
A42: BAN14690 | L42: =$B$1-Tableau26[[#This Row],[Date facture]] -> 42817 | M42: -18044.76 | N42: En attente de paiement | Q42: =IF(ISNA(VLOOKUP(Tableau26[[#This Row],[Code client]],extraction!A38:I413,9,0)),"réglé",VLOOKUP(Tableau26[[#This Row],[Code client]],extraction!A38:I413,9,0)) -> réglé | R42: Réglée
A43: TIE113244 | G43: pas reçu la facture | L43: =$B$1-Tableau26[[#This Row],[Date facture]] -> 42817 | M43: -8085.63 | N43: En attente de paiement | Q43: =IF(ISNA(VLOOKUP(Tableau26[[#This Row],[Code client]],extraction!A39:I414,9,0)),"réglé",VLOOKUP(Tableau26[[#This Row],[Code client]],extraction!A39:I414,9,0)) -> -107.58 | R43: Réglée
A44: TIE100023 | L44: =$B$1-Tableau26[[#This Row],[Date facture]] -> 42817 | M44: -410.12 | N44: En attente de paiement | Q44: =IF(ISNA(VLOOKUP(Tableau26[[#This Row],[Code client]],extraction!A40:I415,9,0)),"réglé",VLOOKUP(Tableau26[[#This Row],[Code client]],extraction!A40:I415,9,0)) -> -410.12
A45: BAN02659 | G45: paye plusieurs mois d'un coup | L45: =$B$1-Tableau26[[#This Row],[Date facture]] -> 42817 | M45: -8272.98 | N45: En attente de paiement | Q45: =IF(ISNA(VLOOKUP(Tableau26[[#This Row],[Code client]],extraction!A41:I416,9,0)),"réglé",VLOOKUP(Tableau26[[#This Row],[Code client]],extraction!A41:I416,9,0)) -> réglé | R45: Réglée
A46: TIE100159 | L46: =$B$1-Tableau26[[#This Row],[Date facture]] -> 42817 | M46: -6062.78 | N46: En attente de paiement | Q46: =IF(ISNA(VLOOKUP(Tableau26[[#This Row],[Code client]],extraction!A42:I417,9,0)),"réglé",VLOOKUP(Tableau26[[#This Row],[Code client]],extraction!A42:I417,9,0)) -> -6062.78
A47: BAN02347 | L47: =$B$1-Tableau26[[#This Row],[Date facture]] -> 42817 | M47: -6644.59 | N47: En attente de paiement | Q47: =IF(ISNA(VLOOKUP(Tableau26[[#This Row],[Code client]],extraction!A43:I418,9,0)),"réglé",VLOOKUP(Tableau26[[#This Row],[Code client]],extraction!A43:I418,9,0)) -> réglé | R47: Réglée
A48: GUI1027807382 | L48: =$B$1-Tableau26[[#This Row],[Date facture]] -> 42817 | M48: -3293.68 | N48: En attente de paiement | Q48: =IF(ISNA(VLOOKUP(Tableau26[[#This Row],[Code client]],extraction!A44:I419,9,0)),"réglé",VLOOKUP(Tableau26[[#This Row],[Code client]],extraction!A44:I419,9,0)) -> -3293.68
A49: TIE302059 | L49: =$B$1-Tableau26[[#This Row],[Date facture]] -> 42817 | M49: -2313 | Q49: =IF(ISNA(VLOOKUP(Tableau26[[#This Row],[Code client]],extraction!A45:I420,9,0)),"réglé",VLOOKUP(Tableau26[[#This Row],[Code client]],extraction!A45:I420,9,0)) -> -297
A50: TIE125107 | L50: =$B$1-Tableau26[[#This Row],[Date facture]] -> 42817 | M50: -939.23 | Q50: =IF(ISNA(VLOOKUP(Tableau26[[#This Row],[Code client]],extraction!A49:I424,9,0)),"réglé",VLOOKUP(Tableau26[[#This Row],[Code client]],extraction!A49:I424,9,0)) -> -939.23
A51: TIE108228 | L51: =$B$1-Tableau26[[#This Row],[Date facture]] -> 42817 | M51: -932.6 | Q51: =IF(ISNA(VLOOKUP(Tableau26[[#This Row],[Code client]],extraction!A50:I425,9,0)),"réglé",VLOOKUP(Tableau26[[#This Row],[Code client]],extraction!A50:I425,9,0)) -> -932.6
A52: TIE317264 | L52: =$B$1-Tableau26[[#This Row],[Date facture]] -> 42817 | M52: -891 | Q52: =IF(ISNA(VLOOKUP(Tableau26[[#This Row],[Code client]],extraction!A51:I426,9,0)),"réglé",VLOOKUP(Tableau26[[#This Row],[Code client]],extraction!A51:I426,9,0)) -> -891
A53: TIE229482 | L53: =$B$1-Tableau26[[#This Row],[Date facture]] -> 42817 | M53: -886.79 | Q53: =IF(ISNA(VLOOKUP(Tableau26[[#This Row],[Code client]],extraction!A52:I427,9,0)),"réglé",VLOOKUP(Tableau26[[#This Row],[Code client]],extraction!A52:I427,9,0)) -> -886.79
A54: TIE172654 | L54: =$B$1-Tableau26[[#This Row],[Date facture]] -> 42817 | M54: -774.18 | Q54: =IF(ISNA(VLOOKUP(Tableau26[[#This Row],[Code client]],extraction!A53:I428,9,0)),"réglé",VLOOKUP(Tableau26[[#This Row],[Code client]],extraction!A53:I428,9,0)) -> -774.18
A55: TIE308122 | L55: =$B$1-Tableau26[[#This Row],[Date facture]] -> 42817 | M55: -598.34 | Q55: =IF(ISNA(VLOOKUP(Tableau26[[#This Row],[Code client]],extraction!A54:I429,9,0)),"réglé",VLOOKUP(Tableau26[[#This Row],[Code client]],extraction!A54:I429,9,0)) -> -598.34
A56: TIE311817 | L56: =$B$1-Tableau26[[#This Row],[Date facture]] -> 42817 | M56: -591.77 | Q56: =IF(ISNA(VLOOKUP(Tableau26[[#This Row],[Code client]],extraction!A55:I430,9,0)),"réglé",VLOOKUP(Tableau26[[#This Row],[Code client]],extraction!A55:I430,9,0)) -> -591.77
A57: TIE130947 | L57: =$B$1-Tableau26[[#This Row],[Date facture]] -> 42817 | M57: -521.66 | Q57: =IF(ISNA(VLOOKUP(Tableau26[[#This Row],[Code client]],extraction!A56:I431,9,0)),"réglé",VLOOKUP(Tableau26[[#This Row],[Code client]],extraction!A56:I431,9,0)) -> -521.66
A58: TIE121921 | L58: =$B$1-Tableau26[[#This Row],[Date facture]] -> 42817 | M58: -482.08 | Q58: =IF(ISNA(VLOOKUP(Tableau26[[#This Row],[Code client]],extraction!A57:I432,9,0)),"réglé",VLOOKUP(Tableau26[[#This Row],[Code client]],extraction!A57:I432,9,0)) -> -482.08
A59: TIE130921 | L59: =$B$1-Tableau26[[#This Row],[Date facture]] -> 42817 | M59: -458.28 | Q59: =IF(ISNA(VLOOKUP(Tableau26[[#This Row],[Code client]],extraction!A58:I433,9,0)),"réglé",VLOOKUP(Tableau26[[#This Row],[Code client]],extraction!A58:I433,9,0)) -> -458.28
A60: TIE304736 | L60: =$B$1-Tableau26[[#This Row],[Date facture]] -> 42817 | M60: -323.18 | Q60: =IF(ISNA(VLOOKUP(Tableau26[[#This Row],[Code client]],extraction!A59:I434,9,0)),"réglé",VLOOKUP(Tableau26[[#This Row],[Code client]],extraction!A59:I434,9,0)) -> -323.18
A61: TIE308456 | L61: =$B$1-Tableau26[[#This Row],[Date facture]] -> 42817 | M61: -297 | Q61: =IF(ISNA(VLOOKUP(Tableau26[[#This Row],[Code client]],extraction!A60:I435,9,0)),"réglé",VLOOKUP(Tableau26[[#This Row],[Code client]],extraction!A60:I435,9,0)) -> -297
... A83: TIE351432 | L83: =$B$1-Tableau26[[#This Row],[Date facture]] -> 42817 | M83: -3.89 | Q83: =IF(ISNA(VLOOKUP(Tableau26[[#This Row],[Code client]],extraction!A82:I457,9,0)),"réglé",VLOOKUP(Tableau26[[#This Row],[Code client]],extraction!A82:I457,9,0)) -> -3.89
A84: BAN01035 | L84: =$B$1-Tableau26[[#This Row],[Date facture]] -> 42817 | Q84: -422.18
A85: BAN01052 | L85: =$B$1-Tableau26[[#This Row],[Date facture]] -> 42817 | Q85: -387.72
A86: BAN01077 | L86: =$B$1-Tableau26[[#This Row],[Date facture]] -> 42817 | Q86: -100.31
A87: BAN01087 | L87: =$B$1-Tableau26[[#This Row],[Date facture]] -> 42817 | Q87: -45.51
A88: BAN01239 | L88: =$B$1-Tableau26[[#This Row],[Date facture]] -> 42817 | Q88: -161.59
A89: BAN01568 | L89: =$B$1-Tableau26[[#This Row],[Date facture]] -> 42817 | Q89: -9.72
A90: BAN01612 | L90: =$B$1-Tableau26[[#This Row],[Date facture]] -> 42817 | Q90: -45.04
A91: BAN01628 | L91: =$B$1-Tableau26[[#This Row],[Date facture]] -> 42817 | Q91: -518.56
A92: BAN01659 | L92: =$B$1-Tableau26[[#This Row],[Date facture]] -> 42817 | Q92: -683.89
A93: BAN01835 | L93: =$B$1-Tableau26[[#This Row],[Date facture]] -> 42817 | Q93: -215.82
A94: BAN01959 | L94: =$B$1-Tableau26[[#This Row],[Date facture]] -> 42817 | Q94: -1198.08
A95: BAN01994 | L95: =$B$1-Tableau26[[#This Row],[Date facture]] -> 42817 | Q95: -754.25
... A128: TIE309212 | L128: =$B$1-Tableau26[[#This Row],[Date facture]] -> 42817 | Q128: -1024.94

Sheet Avoirs
B2: Avoirs à déduire
B3: Code client | C3: Libellé
G6: Formule lorsque dans relances G dans Actions effectuees écrit AVOIRS afficher code client + libellé

Sheet Factures réglées
A2: Code client | B2: Libellé | C2: Client bloqué | D2: Téléphone / Contact | E2: Mail | F2: Actions effectuées | G2: Retour | H2: Actions en attente | I2: Motif non-paiement | J2: Etat

Sheet extraction
A1: Clients | B1: 2011 | C1: 2012 | D1: 2013 | E1: 2014 | F1: 2015 | G1: 2016 | H1: 2017 | I1: Total général | J1: relances HG | K1: relances G
A2: BAN01035 | F2: -422.18 | I2: -422.18 | J2: =VLOOKUP(extraction!A2,Tableau2[[Code client]:[Libellé]],1,0) -> #N/A | K2: =VLOOKUP(A2,Tableau26[[Code client]:[Libellé]],1,0) -> BAN01035
A3: BAN01052 | D3: -392.62 | E3: 4.9 | I3: -387.72 | J3: =VLOOKUP(extraction!A3,Tableau2[[Code client]:[Libellé]],1,0) -> #N/A | K3: =VLOOKUP(A3,Tableau26[[Code client]:[Libellé]],1,0) -> BAN01052
A4: BAN01077 | G4: -77.93 | H4: -22.38 | I4: -100.31 | J4: =VLOOKUP(extraction!A4,Tableau2[[Code client]:[Libellé]],1,0) -> #N/A | K4: =VLOOKUP(A4,Tableau26[[Code client]:[Libellé]],1,0) -> BAN01077
A5: BAN01087 | D5: -45.51 | I5: -45.51 | J5: =VLOOKUP(extraction!A5,Tableau2[[Code client]:[Libellé]],1,0) -> #N/A | K5: =VLOOKUP(A5,Tableau26[[Code client]:[Libellé]],1,0) -> BAN01087
A6: BAN01239 | E6: -161.59 | I6: -161.59 | J6: =VLOOKUP(extraction!A6,Tableau2[[Code client]:[Libellé]],1,0) -> #N/A | K6: =VLOOKUP(A6,Tableau26[[Code client]:[Libellé]],1,0) -> BAN01239
A7: BAN01268 | G7: -3800.34 | I7: -3800.34 | J7: =VLOOKUP(extraction!A7,Tableau2[[Code client]:[Libellé]],1,0) -> #N/A | K7: =VLOOKUP(A7,Tableau26[[Code client]:[Libellé]],1,0) -> BAN01268
A8: BAN01394 | C8: -938.97 | D8: -1261.13 | E8: -408.01 | F8: -1132.72 | G8: -43952.37 | H8: -7650.74 | I8: -55343.94 | J8: =VLOOKUP(extraction!A8,Tableau2[[Code client]:[Libellé]],1,0) -> #N/A | K8: =VLOOKUP(A8,Tableau26[[Code client]:[Libellé]],1,0) -> BAN01394
A9: BAN01568 | F9: -9.72 | I9: -9.72 | J9: =VLOOKUP(extraction!A9,Tableau2[[Code client]:[Libellé]],1,0) -> #N/A | K9: =VLOOKUP(A9,Tableau26[[Code client]:[Libellé]],1,0) -> BAN01568
A10: BAN01612 | G10: -45.04 | I10: -45.04 | J10: =VLOOKUP(extraction!A10,Tableau2[[Code client]:[Libellé]],1,0) -> #N/A | K10: =VLOOKUP(A10,Tableau26[[Code client]:[Libellé]],1,0) -> BAN01612
A11: BAN01628 | E11: -518.56 | I11: -518.56 | J11: =VLOOKUP(extraction!A11,Tableau2[[Code client]:[Libellé]],1,0) -> #N/A | K11: =VLOOKUP(A11,Tableau26[[Code client]:[Libellé]],1,0) -> BAN01628
A12: BAN01636 | F12: -251.3 | G12: -3714.54 | H12: -784.8 | I12: -4750.64 | J12: =VLOOKUP(extraction!A12,Tableau2[[Code client]:[Libellé]],1,0) -> #N/A | K12: =VLOOKUP(A12,Tableau26[[Code client]:[Libellé]],1,0) -> BAN01636
A13: BAN01659 | D13: -683.89 | I13: -683.89 | J13: =VLOOKUP(extraction!A13,Tableau2[[Code client]:[Libellé]],1,0) -> #N/A | K13: =VLOOKUP(A13,Tableau26[[Code client]:[Libellé]],1,0) -> BAN01659
A14: BAN01835 | E14: -172.8 | G14: -43.02 | I14: -215.82 | J14: =VLOOKUP(extraction!A14,Tableau2[[Code client]:[Libellé]],1,0) -> #N/A | K14: =VLOOKUP(A14,Tableau26[[Code client]:[Libellé]],1,0) -> BAN01835
A15: BAN01877 | D15: -443.72 | E15: -2740.26 | F15: -1392.58 | G15: -2196.33 | I15: -6772.89 | J15: =VLOOKUP(extraction!A15,Tableau2[[Code client]:[Libellé]],1,0) -> #N/A | K15: =VLOOKUP(A15,Tableau26[[Code client]:[Libellé]],1,0) -> BAN01877
A16: BAN01959 | G16: -943.78 | H16: -254.3 | I16: -1198.08 | J16: =VLOOKUP(extraction!A16,Tableau2[[Code client]:[Libellé]],1,0) -> #N/A | K16: =VLOOKUP(A16,Tableau26[[Code client]:[Libellé]],1,0) -> BAN01959
A17: BAN01994 | G17: -754.25 | I17: -754.25 | J17: =VLOOKUP(extraction!A17,Tableau2[[Code client]:[Libellé]],1,0) -> #N/A | K17: =VLOOKUP(A17,Tableau26[[Code client]:[Libellé]],1,0) -> BAN01994
A18: BAN02039 | D18: -4172.25 | E18: 284.68 | I18: -3887.57 | J18: =VLOOKUP(extraction!A18,Tableau2[[Code client]:[Libellé]],1,0) -> #N/A | K18: =VLOOKUP(A18,Tableau26[[Code client]:[Libellé]],1,0) -> BAN02039
A19: BAN02045 | D19: -2951.41 | E19: 393.96 | I19: -2557.45 | J19: =VLOOKUP(extraction!A19,Tableau2[[Code client]:[Libellé]],1,0) -> #N/A | K19: =VLOOKUP(A19,Tableau26[[Code client]:[Libellé]],1,0) -> BAN02045
A20: BAN02069 | E20: -133.52 | I20: -133.52 | J20: =VLOOKUP(extraction!A20,Tableau2[[Code client]:[Libellé]],1,0) -> #N/A | K20: =VLOOKUP(A20,Tableau26[[Code client]:[Libellé]],1,0) -> BAN02069
A21: BAN02127 | C21: -205.27 | I21: -205.27 | J21: =VLOOKUP(extraction!A21,Tableau2[[Code client]:[Libellé]],1,0) -> #N/A | K21: =VLOOKUP(A21,Tableau26[[Code client]:[Libellé]],1,0) -> BAN02127
A22: BAN02133 | C22: -652.53 | D22: -192.65 | I22: -845.18 | J22: =VLOOKUP(extraction!A22,Tableau2[[Code client]:[Libellé]],1,0) -> #N/A | K22: =VLOOKUP(A22,Tableau26[[Code client]:[Libellé]],1,0) -> BAN02133
A23: BAN02204 | E23: -2054.27 | F23: -8912.96 | G23: -29749.85 | H23: -3571.95 | I23: -44289.03 | J23: =VLOOKUP(extraction!A23,Tableau2[[Code client]:[Libellé]],1,0) -> #N/A | K23: =VLOOKUP(A23,Tableau26[[Code client]:[Libellé]],1,0) -> BAN02204
A24: BAN02224 | B24: -2295.88 | C24: ok | I24: -2295.88 | J24: =VLOOKUP(extraction!A24,Tableau2[[Code client]:[Libellé]],1,0) -> #N/A | K24: =VLOOKUP(A24,Tableau26[[Code client]:[Libellé]],1,0) -> BAN02224
A25: BAN02238 | F25: -776.46 | I25: -776.46 | J25: =VLOOKUP(extraction!A25,Tableau2[[Code client]:[Libellé]],1,0) -> #N/A | K25: =VLOOKUP(A25,Tableau26[[Code client]:[Libellé]],1,0) -> BAN02238
A26: BAN02240 | G26: -679.78 | I26: -679.78 | J26: =VLOOKUP(extraction!A26,Tableau2[[Code client]:[Libellé]],1,0) -> #N/A | K26: =VLOOKUP(A26,Tableau26[[Code client]:[Libellé]],1,0) -> BAN02240
A27: BAN02272 | E27: -1.9 | F27: -1408.74 | G27: -4855.61 | H27: 564.41 | I27: -5701.84 | J27: =VLOOKUP(extraction!A27,Tableau2[[Code client]:[Libellé]],1,0) -> #N/A | K27: =VLOOKUP(A27,Tableau26[[Code client]:[Libellé]],1,0) -> BAN02272
A28: BAN02347 | G28: -2186.29 | H28: -126.4 | I28: -2312.69 | J28: =VLOOKUP(extraction!A28,Tableau2[[Code client]:[Libellé]],1,0) -> #N/A | K28: =VLOOKUP(A28,Tableau26[[Code client]:[Libellé]],1,0) -> BAN02347
A29: BAN02631 | E29: 1002.72 | F29: 331.92 | G29: -181.08 | H29: -1276.85 | I29: -123.29 | J29: =VLOOKUP(extraction!A29,Tableau2[[Code client]:[Libellé]],1,0) -> #N/A | K29: =VLOOKUP(A29,Tableau26[[Code client]:[Libellé]],1,0) -> BAN02631
A30: BAN02659 | G30: -44.54 | H30: -1571.19 | I30: -1615.73 | J30: =VLOOKUP(extraction!A30,Tableau2[[Code client]:[Libellé]],1,0) -> #N/A | K30: =VLOOKUP(A30,Tableau26[[Code client]:[Libellé]],1,0) -> BAN02659
A31: BAN02674 | G31: -1331.34 | H31: -819.53 | I31: -2150.87 | J31: =VLOOKUP(extraction!A31,Tableau2[[Code client]:[Libellé]],1,0) -> #N/A | K31: =VLOOKUP(A31,Tableau26[[Code client]:[Libellé]],1,0) -> BAN02674
A32: BAN02684 | F32: -332.23 | I32: -332.23 | J32: =VLOOKUP(extraction!A32,Tableau2[[Code client]:[Libellé]],1,0) -> #N/A | K32: =VLOOKUP(A32,Tableau26[[Code client]:[Libellé]],1,0) -> BAN02684
A33: BAN02804 | G33: -5772.37 | I33: -5772.37 | J33: =VLOOKUP(extraction!A33,Tableau2[[Code client]:[Libellé]],1,0) -> #N/A | K33: =VLOOKUP(A33,Tableau26[[Code client]:[Libellé]],1,0) -> BAN02804
A34: BAN02809 | H34: -1057.55 | I34: -1057.55 | J34: =VLOOKUP(extraction!A34,Tableau2[[Code client]:[Libellé]],1,0) -> #N/A | K34: =VLOOKUP(A34,Tableau26[[Code client]:[Libellé]],1,0) -> BAN02809
A35: BAN13298 | F35: -238.37 | G35: -102.24 | I35: -340.61 | J35: =VLOOKUP(extraction!A35,Tableau2[[Code client]:[Libellé]],1,0) -> #N/A | K35: =VLOOKUP(A35,Tableau26[[Code client]:[Libellé]],1,0) -> BAN13298
A36: BAN14860 | C36: -81.33 | D36: -81.33 | I36: -162.66 | J36: =VLOOKUP(extraction!A36,Tableau2[[Code client]:[Libellé]],1,0) -> #N/A | K36: =VLOOKUP(A36,Tableau26[[Code client]:[Libellé]],1,0) -> BAN14860
A37: BAN16073 | E37: -57.24 | I37: -57.24 | J37: =VLOOKUP(extraction!A37,Tableau2[[Code client]:[Libellé]],1,0) -> #N/A | K37: =VLOOKUP(A37,Tableau26[[Code client]:[Libellé]],1,0) -> BAN16073
A38: BAN30066 | C38: -696.54 | E38: -9.9 | G38: -75129.17 | H38: -151376.15 | I38: -227211.76 | J38: =VLOOKUP(extraction!A38,Tableau2[[Code client]:[Libellé]],1,0) -> #N/A | K38: =VLOOKUP(A38,Tableau26[[Code client]:[Libellé]],1,0) -> BAN30066
A39: BAN30568 | E39: -117.2 | I39: -117.2 | J39: =VLOOKUP(extraction!A39,Tableau2[[Code client]:[Libellé]],1,0) -> #N/A | K39: =VLOOKUP(A39,Tableau26[[Code client]:[Libellé]],1,0) -> BAN30568
A40: BAN45539 | G40: -7.01 | H40: -169.01 | I40: -176.02 | J40: =VLOOKUP(extraction!A40,Tableau2[[Code client]:[Libellé]],1,0) -> #N/A | K40: =VLOOKUP(A40,Tableau26[[Code client]:[Libellé]],1,0) -> BAN45539
A41: GUI0223941510 | C41: -336.15 | I41: -336.15 | J41: =VLOOKUP(extraction!A41,Tableau2[[Code client]:[Libellé]],1,0) -> #N/A | K41: =VLOOKUP(A41,Tableau26[[Code client]:[Libellé]],1,0) -> GUI0223941510
A42: GUI0268142438 | H42: -26.94 | I42: -26.94 | J42: =VLOOKUP(extraction!A42,Tableau2[[Code client]:[Libellé]],1,0) -> #N/A | K42: =VLOOKUP(A42,Tableau26[[Code client]:[Libellé]],1,0) -> GUI0268142438
A43: GUI1027800111 | B43: -5081.51 | D43: -1432.16 | E43: 747.4 | F43: -539.2 | G43: -4739.09 | H43: -1727.38 | I43: -12771.94 | J43: =VLOOKUP(extraction!A43,Tableau2[[Code client]:[Libellé]],1,0) -> #N/A | K43: =VLOOKUP(A43,Tableau26[[Code client]:[Libellé]],1,0) -> GUI1027800111
A44: GUI1027800725 | G44: -133.36 | I44: -133.36 | J44: =VLOOKUP(extraction!A44,Tableau2[[Code client]:[Libellé]],1,0) -> #N/A | K44: =VLOOKUP(A44,Tableau26[[Code client]:[Libellé]],1,0) -> GUI1027800725
A45: GUI1027800870 | C45: -118.4 | D45: -281.25 | I45: -399.65 | J45: =VLOOKUP(extraction!A45,Tableau2[[Code client]:[Libellé]],1,0) -> #N/A | K45: =VLOOKUP(A45,Tableau26[[Code client]:[Libellé]],1,0) -> GUI1027800870
A46: GUI1027807382 | H46: -3293.68 | I46: -3293.68 | J46: =VLOOKUP(extraction!A46,Tableau2[[Code client]:[Libellé]],1,0) -> #N/A | K46: =VLOOKUP(A46,Tableau26[[Code client]:[Libellé]],1,0) -> GUI1027807382
A47: GUI1027836810 | H47: -121.91 | I47: -121.91 | J47: =VLOOKUP(extraction!A47,Tableau2[[Code client]:[Libellé]],1,0) -> #N/A | K47: =VLOOKUP(A47,Tableau26[[Code client]:[Libellé]],1,0) -> GUI1027836810
A48: GUI1548900399 | E48: -82.44 | H48: -159.47 | I48: -241.91 | J48: =VLOOKUP(extraction!A48,Tableau2[[Code client]:[Libellé]],1,0) -> #N/A | K48: =VLOOKUP(A48,Tableau26[[Code client]:[Libellé]],1,0) -> GUI1548900399
A49: GUI1562902601 | E49: -28.56 | I49: -28.56 | J49: =VLOOKUP(extraction!A49,Tableau2[[Code client]:[Libellé]],1,0) -> #N/A | K49: =VLOOKUP(A49,Tableau26[[Code client]:[Libellé]],1,0) -> GUI1562902601
A50: GUI1615900350 | B50: -22165.29 | C50: -12 | D50: -11676.23 | E50: -7392.03 | F50: -3072 | G50: 2915.02 | H50: -4113.87 | I50: -45516.4 | J50: =VLOOKUP(extraction!A50,Tableau2[[Code client]:[Libellé]],1,0) -> #N/A | K50: =VLOOKUP(A50,Tableau26[[Code client]:[Libellé]],1,0) -> GUI1615900350
A51: SCT11I770000 | B51: -125.2 | C51: ok | I51: -125.2 | J51: =VLOOKUP(extraction!A51,Tableau2[[Code client]:[Libellé]],1,0) -> #N/A | K51: =VLOOKUP(A51,Tableau26[[Code client]:[Libellé]],1,0) -> #N/A
A52: SCT17S713000 | B52: -52.38 | C52: ok | I52: -52.38 | J52: =VLOOKUP(extraction!A52,Tableau2[[Code client]:[Libellé]],1,0) -> #N/A | K52: =VLOOKUP(A52,Tableau26[[Code client]:[Libellé]],1,0) -> #N/A
A53: SCT20S000001 | B53: -22193.52 | C53: ok | I53: -22193.52 | J53: =VLOOKUP(extraction!A53,Tableau2[[Code client]:[Libellé]],1,0) -> #N/A | K53: =VLOOKUP(A53,Tableau26[[Code client]:[Libellé]],1,0) -> SCT20S000001
A54: SCT75S020700 | B54: -556.74 | C54: ok | I54: -556.74 | J54: =VLOOKUP(extraction!A54,Tableau2[[Code client]:[Libellé]],1,0) -> #N/A | K54: =VLOOKUP(A54,Tableau26[[Code client]:[Libellé]],1,0) -> #N/A
A55: SCT78AL60612 | B55: -446.96 | C55: ok | I55: -446.96 | J55: =VLOOKUP(extraction!A55,Tableau2[[Code client]:[Libellé]],1,0) -> #N/A | K55: =VLOOKUP(A55,Tableau26[[Code client]:[Libellé]],1,0) -> #N/A
A56: TIE100018 | D56: -845.03 | I56: -845.03 | J56: =VLOOKUP(extraction!A56,Tableau2[[Code client]:[Libellé]],1,0) -> #N/A | K56: =VLOOKUP(A56,Tableau26[[Code client]:[Libellé]],1,0) -> TIE100018
A57: TIE100023 | F57: 50 | G57: -460.12 | I57: -410.12 | J57: =VLOOKUP(extraction!A57,Tableau2[[Code client]:[Libellé]],1,0) -> #N/A | K57: =VLOOKUP(A57,Tableau26[[Code client]:[Libellé]],1,0) -> TIE100023
A58: TIE100032 | C58: -930.96 | D58: 79.16 | E58: -1506.41 | F58: 1683.78 | G58: -1874.93 | I58: -2549.36 | J58: =VLOOKUP(extraction!A58,Tableau2[[Code client]:[Libellé]],1,0) -> #N/A | K58: =VLOOKUP(A58,Tableau26[[Code client]:[Libellé]],1,0) -> TIE100032
A59: TIE100060 | G59: -3905.22 | I59: -3905.22 | J59: =VLOOKUP(extraction!A59,Tableau2[[Code client]:[Libellé]],1,0) -> #N/A | K59: =VLOOKUP(A59,Tableau26[[Code client]:[Libellé]],1,0) -> TIE100060
A60: TIE100159 | G60: -4429.71 | H60: -1633.07 | I60: -6062.78 | J60: =VLOOKUP(extraction!A60,Tableau2[[Code client]:[Libellé]],1,0) -> #N/A | K60: =VLOOKUP(A60,Tableau26[[Code client]:[Libellé]],1,0) -> TIE100159
A61: TIE100723 | C61: -841.29 | I61: -841.29 | J61: =VLOOKUP(extraction!A61,Tableau2[[Code client]:[Libellé]],1,0) -> #N/A | K61: =VLOOKUP(A61,Tableau26[[Code client]:[Libellé]],1,0) -> TIE100723
A62: TIE100732 | D62: -43.39 | I62: -43.39 | J62: =VLOOKUP(extraction!A62,Tableau2[[Code client]:[Libellé]],1,0) -> #N/A | K62: =VLOOKUP(A62,Tableau26[[Code client]:[Libellé]],1,0) -> TIE100732
A63: TIE100832 | C63: -227.48 | I63: -227.48 | J63: =VLOOKUP(extraction!A63,Tableau2[[Code client]:[Libellé]],1,0) -> #N/A | K63: =VLOOKUP(A63,Tableau26[[Code client]:[Libellé]],1,0) -> TIE100832
A64: TIE101880 | G64: -28.42 | I64: -28.42 | J64: =VLOOKUP(extraction!A64,Tableau2[[Code client]:[Libellé]],1,0) -> #N/A | K64: =VLOOKUP(A64,Tableau26[[Code client]:[Libellé]],1,0) -> TIE101880
A65: TIE101882 | B65: -359.7 | C65: -575.93 | D65: -250.08 | E65: 39.59 | F65: -899.97 | G65: 30.42 | I65: -2015.67 | J65: =VLOOKUP(extraction!A65,Tableau2[[Code client]:[Libellé]],1,0) -> #N/A | K65: =VLOOKUP(A65,Tableau26[[Code client]:[Libellé]],1,0) -> TIE101882
A66: TIE101883 | B66: -76.54 | D66: -310.45 | E66: -190.44 | G66: -1091.93 | I66: -1669.36 | J66: =VLOOKUP(extraction!A66,Tableau2[[Code client]:[Libellé]],1,0) -> #N/A | K66: =VLOOKUP(A66,Tableau26[[Code client]:[Libellé]],1,0) -> TIE101883
A67: TIE101901 | B67: -56.25 | C67: -652.84 | D67: -513.68 | I67: -1222.77 | J67: =VLOOKUP(extraction!A67,Tableau2[[Code client]:[Libellé]],1,0) -> #N/A | K67: =VLOOKUP(A67,Tableau26[[Code client]:[Libellé]],1,0) -> TIE101901
A68: TIE103106 | B68: -467.86 | C68: -26.31 | D68: -26.56 | E68: -89.84 | F68: -70.49 | G68: -45.08 | I68: -726.14 | J68: =VLOOKUP(extraction!A68,Tableau2[[Code client]:[Libellé]],1,0) -> TIE103106 | K68: =VLOOKUP(A68,Tableau26[[Code client]:[Libellé]],1,0) -> #N/A
A69: TIE103111 | G69: -1108.33 | H69: -1853.89 | I69: -2962.22 | J69: =VLOOKUP(extraction!A69,Tableau2[[Code client]:[Libellé]],1,0) -> #N/A | K69: =VLOOKUP(A69,Tableau26[[Code client]:[Libellé]],1,0) -> TIE103111
A70: TIE103139 | D70: -69.2 | E70: -17.03 | F70: -92 | G70: -18.44 | I70: -196.67 | J70: =VLOOKUP(extraction!A70,Tableau2[[Code client]:[Libellé]],1,0) -> #N/A | K70: =VLOOKUP(A70,Tableau26[[Code client]:[Libellé]],1,0) -> TIE103139
A71: TIE105814 | E71: -33.43 | F71: -34.03 | I71: -67.46 | J71: =VLOOKUP(extraction!A71,Tableau2[[Code client]:[Libellé]],1,0) -> TIE105814 | K71: =VLOOKUP(A71,Tableau26[[Code client]:[Libellé]],1,0) -> #N/A
A72: TIE105815 | C72: -66.16 | D72: -33.24 | F72: -33.43 | G72: -34.03 | I72: -166.86 | J72: =VLOOKUP(extraction!A72,Tableau2[[Code client]:[Libellé]],1,0) -> TIE105815 | K72: =VLOOKUP(A72,Tableau26[[Code client]:[Libellé]],1,0) -> #N/A
A73: TIE105816 | G73: -57.61 | I73: -57.61 | J73: =VLOOKUP(extraction!A73,Tableau2[[Code client]:[Libellé]],1,0) -> TIE105816 | K73: =VLOOKUP(A73,Tableau26[[Code client]:[Libellé]],1,0) -> #N/A
A74: TIE105820 | C74: -26.31 | D74: -101.95 | G74: -102.37 | I74: -230.63 | J74: =VLOOKUP(extraction!A74,Tableau2[[Code client]:[Libellé]],1,0) -> TIE105820 | K74: =VLOOKUP(A74,Tableau26[[Code client]:[Libellé]],1,0) -> #N/A
A75: TIE105821 | B75: -26.31 | C75: -43.85 | I75: -70.16 | J75: =VLOOKUP(extraction!A75,Tableau2[[Code client]:[Libellé]],1,0) -> TIE105821 | K75: =VLOOKUP(A75,Tableau26[[Code client]:[Libellé]],1,0) -> #N/A
A76: TIE105885 | F76: -33.43 | I76: -33.43 | J76: =VLOOKUP(extraction!A76,Tableau2[[Code client]:[Libellé]],1,0) -> TIE105885 | K76: =VLOOKUP(A76,Tableau26[[Code client]:[Libellé]],1,0) -> #N/A
A77: TIE108228 | B77: -626.26 | C77: -306.34 | I77: -932.6 | J77: =VLOOKUP(extraction!A77,Tableau2[[Code client]:[Libellé]],1,0) -> #N/A | K77: =VLOOKUP(A77,Tableau26[[Code client]:[Libellé]],1,0) -> TIE108228
A78: TIE109846 | G78: -56.58 | I78: -56.58 | J78: =VLOOKUP(extraction!A78,Tableau2[[Code client]:[Libellé]],1,0) -> TIE109846 | K78: =VLOOKUP(A78,Tableau26[[Code client]:[Libellé]],1,0) -> #N/A
A79: TIE110131 | B79: -11.48 | C79: ok | I79: -11.48 | J79: =VLOOKUP(extraction!A79,Tableau2[[Code client]:[Libellé]],1,0) -> TIE110131 | K79: =VLOOKUP(A79,Tableau26[[Code client]:[Libellé]],1,0) -> #N/A
A80: TIE111512 | F80: -34.03 | I80: -34.03 | J80: =VLOOKUP(extraction!A80,Tableau2[[Code client]:[Libellé]],1,0) -> TIE111512 | K80: =VLOOKUP(A80,Tableau26[[Code client]:[Libellé]],1,0) -> #N/A
A81: TIE111914 | D81: -2652.34 | E81: -15857.59 | F81: -13989.87 | G81: -109939.79 | H81: -8103.42 | I81: -150543.01 | J81: =VLOOKUP(extraction!A81,Tableau2[[Code client]:[Libellé]],1,0) -> #N/A | K81: =VLOOKUP(A81,Tableau26[[Code client]:[Libellé]],1,0) -> TIE111914
A82: TIE112823 | H82: -21.98 | I82: -21.98 | J82: =VLOOKUP(extraction!A82,Tableau2[[Code client]:[Libellé]],1,0) -> TIE112823 | K82: =VLOOKUP(A82,Tableau26[[Code client]:[Libellé]],1,0) -> #N/A
A83: TIE113244 | F83: -51.13 | G83: -56.45 | I83: -107.58 | J83: =VLOOKUP(extraction!A83,Tableau2[[Code client]:[Libellé]],1,0) -> #N/A | K83: =VLOOKUP(A83,Tableau26[[Code client]:[Libellé]],1,0) -> TIE113244
A84: TIE113275 | F84: -45.05 | I84: -45.05 | J84: =VLOOKUP(extraction!A84,Tableau2[[Code client]:[Libellé]],1,0) -> TIE113275 | K84: =VLOOKUP(A84,Tableau26[[Code client]:[Libellé]],1,0) -> #N/A
A85: TIE113425 | B85: -25.55 | C85: ok | I85: -25.55 | J85: =VLOOKUP(extraction!A85,Tableau2[[Code client]:[Libellé]],1,0) -> TIE113425 | K85: =VLOOKUP(A85,Tableau26[[Code client]:[Libellé]],1,0) -> #N/A
A86: TIE114149 | G86: -24.3 | I86: -24.3 | J86: =VLOOKUP(extraction!A86,Tableau2[[Code client]:[Libellé]],1,0) -> TIE114149 | K86: =VLOOKUP(A86,Tableau26[[Code client]:[Libellé]],1,0) -> #N/A
A87: TIE117299 | E87: -11.6 | I87: -11.6 | J87: =VLOOKUP(extraction!A87,Tableau2[[Code client]:[Libellé]],1,0) -> #N/A | K87: =VLOOKUP(A87,Tableau26[[Code client]:[Libellé]],1,0) -> TIE117299
A88: TIE117522 | F88: -83.16 | I88: -83.16 | J88: =VLOOKUP(extraction!A88,Tableau2[[Code client]:[Libellé]],1,0) -> #N/A | K88: =VLOOKUP(A88,Tableau26[[Code client]:[Libellé]],1,0) -> TIE117522
A89: TIE118509 | B89: -32.06 | C89: ok | I89: -32.06 | J89: =VLOOKUP(extraction!A89,Tableau2[[Code client]:[Libellé]],1,0) -> TIE118509 | K89: =VLOOKUP(A89,Tableau26[[Code client]:[Libellé]],1,0) -> #N/A
A90: TIE119222 | F90: -34.03 | I90: -34.03 | J90: =VLOOKUP(extraction!A90,Tableau2[[Code client]:[Libellé]],1,0) -> TIE119222 | K90: =VLOOKUP(A90,Tableau26[[Code client]:[Libellé]],1,0) -> #N/A
A91: TIE120192 | B91: -65.15 | C91: ok | I91: -65.15 | J91: =VLOOKUP(extraction!A91,Tableau2[[Code client]:[Libellé]],1,0) -> TIE120192 | K91: =VLOOKUP(A91,Tableau26[[Code client]:[Libellé]],1,0) -> #N/A
A92: TIE121616 | B92: -165.59 | C92: ok | I92: -165.59 | J92: =VLOOKUP(extraction!A92,Tableau2[[Code client]:[Libellé]],1,0) -> #N/A | K92: =VLOOKUP(A92,Tableau26[[Code client]:[Libellé]],1,0) -> #N/A
A93: TIE121921 | E93: -482.08 | I93: -482.08 | J93: =VLOOKUP(extraction!A93,Tableau2[[Code client]:[Libellé]],1,0) -> #N/A | K93: =VLOOKUP(A93,Tableau26[[Code client]:[Libellé]],1,0) -> TIE121921
A94: TIE124546 | E94: -33.43 | I94: -33.43 | J94: =VLOOKUP(extraction!A94,Tableau2[[Code client]:[Libellé]],1,0) -> TIE124546 | K94: =VLOOKUP(A94,Tableau26[[Code client]:[Libellé]],1,0) -> #N/A
A95: TIE125107 | G95: -939.23 | I95: -939.23 | J95: =VLOOKUP(extraction!A95,Tableau2[[Code client]:[Libellé]],1,0) -> #N/A | K95: =VLOOKUP(A95,Tableau26[[Code client]:[Libellé]],1,0) -> TIE125107
A96: TIE127547 | G96: -66.86 | I96: -66.86 | J96: =VLOOKUP(extraction!A96,Tableau2[[Code client]:[Libellé]],1,0) -> TIE127547 | K96: =VLOOKUP(A96,Tableau26[[Code client]:[Libellé]],1,0) -> #N/A
A97: TIE127572 | B97: -25.55 | C97: ok | I97: -25.55 | J97: =VLOOKUP(extraction!A97,Tableau2[[Code client]:[Libellé]],1,0) -> TIE127572 | K97: =VLOOKUP(A97,Tableau26[[Code client]:[Libellé]],1,0) -> #N/A
A98: TIE127707 | B98: -31.89 | C98: ok | I98: -31.89 | J98: =VLOOKUP(extraction!A98,Tableau2[[Code client]:[Libellé]],1,0) -> TIE127707 | K98: =VLOOKUP(A98,Tableau26[[Code client]:[Libellé]],1,0) -> #N/A
A99: TIE129051 | D99: -1736.06 | I99: -1736.06 | J99: =VLOOKUP(extraction!A99,Tableau2[[Code client]:[Libellé]],1,0) -> #N/A | K99: =VLOOKUP(A99,Tableau26[[Code client]:[Libellé]],1,0) -> TIE129051
A100: TIE129348 | B100: -19.75 | C100: ok | I100: -19.75 | J100: =VLOOKUP(extraction!A100,Tableau2[[Code client]:[Libellé]],1,0) -> TIE129348 | K100: =VLOOKUP(A100,Tableau26[[Code client]:[Libellé]],1,0) -> #N/A
...
